 Dungeon Crawl Stone Soup version 0.29-a0-375-g5102b3be25 (webtiles) character file.

Game seed: 2782832396013874757

1183281 Antichthon the Gargoyle Barricade (level 27, -18/179 HPs)
             Began as a Gargoyle Fighter on May 2, 2022.
             Was the Champion of the Shining One.
             Killed from afar by a Brimstone Fiend (36 damage)
             ... with damnation
             ... in Pandemonium on May 3, 2022.
             The game lasted 09:34:16 (166977 turns).

Antichthon the Gargoyle Barricade (GrFi)          Turns: 166977, Time: 09:34:16

Health: -18/179    AC: 82    Str: 32      XL:     27
Magic:  40/40      EV: 29    Int: 24 (26) God:    the Shining One [******]
Gold:   11029      SH: 37    Dex: 28      Spells: 16/51 levels left

rFire   + + +      SeeInvis +   b - +9 sacred scourge (holy)
rCold   + + +      Faith    .   T - +8 tower shield {reflect}
rNeg    + + +      Spirit   .   Q - +14 crystal plate armour {rC+}
rPois   ∞          Reflect  +   P - +1 helmet "Visasumy" {Dex+4}
rElec   +          Harm     .   S - +4 cloak of the Thistle {Dex+9}
rCorr   +          Rampage  +   X - +1 pair of gloves of Cienoh {*Slow rF+ rC++ Str+3}
Will    +++++      Clarity  +   e - +2 pair of boots {rampage}
Stlth   ..........              R - amulet of the Four Winds {rN+ Will+++ Clar}
HPRegen 0.39/turn               U - ring of Boahil {rF+ rN+ rCorr Int+5 SInv}
MPRegen 0.27/turn               N - ring "Qughuos" {rF+ Int+7 Dex+6}

@: flying, glowing, studying 5 skills
A: sickness immunity, AC +20, big wings, negative energy resistance 1,
electricity resistance, torment resistance 1, petrification resistance, frail 1,
mutation resistance 1
}: 10/15 runes: serpentine, barnacled, slimy, silver, abyssal, demonic, glowing,
magical, fiery, dark
a: Renounce Religion, Divine Shield, Cleansing Flame, Summon Divine Warrior


You were in Pandemonium.
You worshipped the Shining One.
The Shining One was exalted by your worship.
You visited 14 branches of the dungeon, and saw 59 of its levels.
You visited Pandemonium 6 times, and saw 57 of its levels.
You visited the Abyss 2 times.
You visited 1 bazaar.
You visited 1 ziggurat, and saw 18 of its levels.
You also visited: Trove, Ossuary, Bailey, Gauntlet, Ice Cave, Volcano and Wizlab.

You collected 18852 gold pieces.
You spent 7823 gold pieces at shops.

Inventory:

Hand Weapons
 a - a +9 vorpal eveningstar
 b - a +9 sacred scourge of holy wrath (weapon)
 q - the +10 war axe of Tufeag {venom, rN+++ Str+4 Dex-5 Stlth+}
   (You found it on level 5 of the Pits of Slime)

   It poisons the flesh of those it strikes.
   Str:       It affects your strength (+4).
   Dex:       It affects your dexterity (-5).
   rN:        It renders you almost immune to negative energy.
   Stlth:     It makes you more stealthy.
 z - the +8 fustibalus "Cilein" {vorpal, rPois}
   (You found it on level 5 of the Lair of Beasts)

   Any ammunition fired from it inflicts extra damage upon your enemies.
   rPois:     It protects you from poison.
Missiles
 J - 28 silver javelins
Armour
 e - a +2 pair of boots of rampaging (worn)
 v - the +1 pair of gloves "Ecoonif" {rC+ Slay+3}
   (You acquired it in an ossuary)

   Slay:      It affects your accuracy & damage with ranged weapons and melee
   (+3).
   rC:        It protects you from cold.
 P - the +1 helmet "Visasumy" (worn) {Dex+4}
   (You acquired it on level 15 of the Dungeon)

   Dex:       It affects your dexterity (+4).
 Q - a +14 crystal plate armour of cold resistance (worn)
 S - the +4 cloak of the Thistle (worn) {Dex+9}
   (You found it on level 3 of the Vaults)

   Dex:       It affects your dexterity (+9).
 T - a +8 tower shield of reflection (worn)
 X - the +1 pair of gloves of Cienoh (worn) {*Slow rF+ rC++ Str+3}
   (You found it in a Gauntlet)

   Str:       It affects your strength (+3).
   rF:        It protects you from fire.
   rC:        It greatly protects you from cold.
   *Slow:     It may slow you when you take damage.
Jewellery
 F - the ring of the Mage {Wiz Archmagi}
   (You took it off a draconian knight on level 1 of the Realm of Zot)

   [ring of wizardry]

   It improves your spell success rate.
   Archmagi:  It increases the power of your magical spells.
 N - the ring "Qughuos" (right hand) {rF+ Int+7 Dex+6}
   (You found it in a treasure trove)

   [ring of dexterity]

   Int:       It affects your intelligence (+7).
   Dex:       It affects your dexterity (+6).
   rF:        It protects you from fire.
 R - the amulet of the Four Winds (around neck) {rN+ Will+++ Clar}
   (You bought it in a shop on level 1 of the Snake Pit)

   [amulet of nothing]

   rN:        It protects you from negative energy.
   Clar:      It protects you against confusion.
   Will:      It greatly increases your willpower.
 U - the ring of Boahil (left hand) {rF+ rN+ rCorr Int+5 SInv}
   (You bought it in a shop on level 5 of the Vaults)

   [ring of resist corrosion]

   Int:       It affects your intelligence (+5).
   rF:        It protects you from fire.
   rN:        It protects you from negative energy.
   SInv:      It lets you see invisible.
   rCorr:     It protects you from acid and corrosion.
 Z - the ring "Kuwecoh" {+Blink rPois rF+ Int+2}
   (You found it on level 2 of a ziggurat)

   [ring of poison resistance]

   Int:       It affects your intelligence (+2).
   rF:        It protects you from fire.
   rPois:     It protects you from poison.
   +Blink:    It lets you blink.
Wands
 c - a wand of acid (58) (quivered)
 j - a wand of iceblast (75)
 x - a wand of paralysis (44)
 D - a wand of mindburst (48)
 E - a wand of polymorph (72)
 H - a wand of flame (148)
 M - a wand of charming (46)
 W - a wand of digging (31)
Scrolls
 i - 25 scrolls of teleportation
 m - a scroll of enchant weapon
 n - 7 scrolls of holy word
 p - 27 scrolls of fog
 r - 24 scrolls of immolation
 s - 23 scrolls of amnesia
 w - a scroll of summoning
 y - 18 scrolls of magic mapping
 G - 15 scrolls of fear
 I - 14 scrolls of blinking
 K - 23 scrolls of vulnerability
 L - 5 scrolls of silence
 O - 2 scrolls of brand weapon
 V - 3 scrolls of enchant armour
 Y - 8 scrolls of poison
Potions
 d - 12 potions of might
 f - 32 potions of brilliance
 g - 18 potions of lignification
 h - 17 potions of haste
 k - 12 potions of berserk rage
 l - 12 potions of magic
 o - a potion of mutation
 t - 16 potions of cancellation
 u - 8 potions of ambrosia
 A - 14 potions of resistance
 B - 48 potions of curing
 C - 22 potions of attraction


   Skills:
 O Level 27 Fighting
 O Level 27 Maces & Flails
 O Level 27 Slings
 * Level 11.5(20.8) Throwing
 O Level 27 Armour
 O Level 27 Dodging
 O Level 27 Shields
 * Level 12.8 Spellcasting
 * Level 14.0 Ice Magic
 O Level 27 Invocations


You had 16 spell levels left.
You knew the following spells:

 Your Spells              Type           Power      Damage    Failure   Level
a - Polar Vortex          Ice            35%        N/A       100%        9
b - Chain Lightning       Conj/Air       7%         3d10      100%        9
c - Disjunction           Tloc           7%         N/A       100%        8
d - Shatter               Erth           7%         3d10*     100%        9

Your spell library contained the following spells:

 Spells                   Type           Power      Damage    Failure   Level
 Freeze                   Ice            100%       1d11      1%          1
 Ensorcelled Hibernation  Hex/Ice        98%        N/A       1%          2
 Frozen Ramparts          Ice            100%       1d12      1%          3
 Ozocubu's Armour         Ice            70%        N/A       1%          3
 Ice Form                 Ice/Tmut       49%        N/A       11%         4
 Summon Ice Beast         Ice/Summ       49%        N/A       11%         4
 Animate Skeleton         Necr           30%        N/A       19%         1
 Apportation              Tloc           30%        N/A       19%         1
 Beastly Appendage        Tmut           30%        N/A       19%         1
 Foxfire                  Conj/Fire      60%        2x1d7     19%         1
 Magic Dart               Conj           60%        1d6       19%         1
 Shock                    Conj/Air       60%        1d6       19%         1
 Slow                     Hex            60%        N/A       19%         1
 Sting                    Tmut/Pois      60%        1d6       19%         1
 Summon Small Mammal      Summ           60%        N/A       19%         1
 Blink                    Tloc           30%        N/A       28%         2
 Call Imp                 Summ           15%        N/A       28%         2
 Corpse Rot               Necr/Air       30%        N/A       28%         2
 Passwall                 Tmut/Erth      12%        N/A       28%         2
 Poisonous Vapours        Pois/Air       30%        N/A       28%         2
 Searing Ray              Conj           30%        2d5       28%         2
 Wereblood                Tmut           15%        N/A       28%         2
 Metabolic Englaciation   Hex/Ice        24%        N/A       28%         5
 Ozocubu's Refrigeration  Ice            35%        4d12      43%         7
 Call Canine Familiar     Summ           15%        N/A       50%         3
 Confusing Touch          Hex            15%        N/A       50%         3
 Conjure Flame            Conj/Fire      15%        6-21      50%         3
 Dazzling Flash           Conj/Hex       30%        N/A       50%         3
 Gell's Gravitas          Tloc           15%        N/A       50%         3
 Ignite Poison            Fire/Tmut/Pois 15%        N/A       50%         3
 Inner Flame              Hex/Fire       15%        N/A       50%         3
 Lesser Beckoning         Tloc           15%        N/A       50%         3
 Mephitic Cloud           Conj/Pois/Air  15%        N/A       50%         3
 Portal Projectile        Hex/Tloc       30%        N/A       50%         3
 Spider Form              Tmut/Pois      15%        N/A       50%         3
 Stone Arrow              Conj/Erth      30%        3d8       50%         3
 Summon Guardian Golem    Hex/Summ       15%        N/A       50%         3
 Swiftness                Air            15%        N/A       50%         3
 Teleport Other           Tloc           15%        N/A       50%         3
 Tukima's Dance           Hex            15%        N/A       50%         3
 Vampiric Draining        Necr           15%        2d7       50%         3
 Freezing Cloud           Conj/Ice/Air   18%        6-21      58%         5
 Simulacrum               Ice/Necr       24%        N/A       85%         6
 Airstrike                Air            7%         N/A       88%         4
 Anguish                  Hex/Necr       7%         N/A       88%         4
 Animate Armour           Summ/Erth      30%        N/A       88%         4
 Cause Fear               Hex            7%         N/A       88%         4
 Flame Wave               Conj/Fire      15%        2d6       88%         4
 Fulminant Prism          Conj/Hex       7%         3d7       88%         4
 Iskenderun's Mystic Bla  Conj/Tloc      15%        2d5       88%         4
 Leda's Liquefaction      Hex/Erth       7%         N/A       88%         4
 Olgreb's Toxic Radiance  Pois           15%        N/A       88%         4
 Passage of Golubria      Tloc           15%        N/A       88%         4
 Petrify                  Tmut/Erth      15%        N/A       88%         4
 Sticky Flame             Conj/Fire      15%        2d4       88%         4
 Summon Lightning Spire   Summ/Air       15%        N/A       88%         4
 Alistair's Intoxication  Tmut/Pois      10%        N/A       99%         5
 Blade Hands              Tmut           7%         N/A       99%         5
 Borgnjor's Vile Clutch   Necr/Erth      7%         N/A       99%         5
 Excruciating Wounds      Necr           7%         N/A       99%         5
 Fireball                 Conj/Fire      7%         3d5       99%         5
 Irradiate                Conj/Tmut      7%         3d15      99%         5
 Iskenderun's Battlesphe  Conj           15%        2d7       99%         5
 Lee's Rapid Deconstruct  Erth           7%         3d8*      99%         5
 Lightning Bolt           Conj/Air       7%         1d20      99%         5
 Manifold Assault         Tloc           15%        N/A       99%         5
 Silence                  Hex/Air        7%         N/A       99%         5
 Summon Forest            Summ/Tloc      7%         N/A       99%         5
 Summon Mana Viper        Hex/Summ       15%        N/A       99%         5
 Yara's Violent Unravell  Hex/Tmut       7%         3d5       99%         5
 Conjure Ball Lightning   Conj/Air       7%         3x3d6     100%        6
 Dispersal                Tloc           7%         N/A       100%        6
 Eringya's Noxious Bog    Tmut/Pois      7%         N/A       100%        6
 Iron Shot                Conj/Erth      7%         9d2       100%        6
 Starburst                Conj/Fire      7%         6d4       100%        6
 Summon Cactus Giant      Summ           7%         N/A       100%        6
 Dragon Form              Tmut           7%         N/A       100%        7
 Enfeeble                 Hex            7%         N/A       100%        7
 Malign Gateway           Summ/Tloc      7%         N/A       100%        7
 Monstrous Menagerie      Summ           7%         N/A       100%        7
 Orb of Destruction       Conj           7%         9d6       100%        7
 Spellforged Servitor     Conj/Summ      7%         N/A       100%        7
 Storm Form               Tmut/Air       7%         N/A       100%        7
 Summon Hydra             Summ           7%         N/A       100%        7
 Discord                  Hex            7%         N/A       100%        8
 Ignition                 Fire           7%         3d5       100%        8
 Infestation              Necr           7%         N/A       100%        8
 Lehudib's Crystal Spear  Conj/Erth      7%         10d3      100%        8
 Maxwell's Capacitive Co  Air            7%         ∞         100%        8
 Fire Storm               Conj/Fire      7%         8d2       100%        9
 Sublimation of Blood     Necr           Unusable   N/A       N/A         2
 Statue Form              Tmut/Erth      Unusable   N/A       N/A         6

Dungeon Overview and Level Annotations

Branches:
Dungeon (15/15)            Temple (1/1) D:4            Lair (6/6) D:8
 Shoals (4/4) Lair:4        Snake (4/4) Lair:4        Slime (5/5) Lair:5
    Orc (2/2) D:12            Elf (3/3) Orc:2        Vaults (5/5) D:14
  Crypt (3/3) Vaults:3       Tomb (1/3) Crypt:3      Depths (4/4) D:15
   Hell (visited)             Dis (0/7) Hell            Geh (0/7) Hell
    Coc (0/7) Hell            Tar (0/7) Hell            Zot (5/5) Depths:4
Ossuary (visited)          Bailey (visited)           IceCv (visited)
Volcano (visited)          WizLab (visited)         Gauntlet (visited)

Altars:
Ashenzari
Cheibriados
Dithmenos
Elyvilon
Fedhas
Gozag
Hepliaklqana
Kikubaaqudgha
Makhleb
Nemelex Xobeh
Okawaru
Qazlal
Ru
Sif Muna
Trog
Uskayaw
Vehumet
Wu Jian
Xom
Yredelemnul
Zin
The Shining One
Beogh
Jiyva
Lugonu

Shops:
D:8 (   D:15 [   Orc:1 !   Orc:2 [!=   Elf:1 [   Elf:2 ((*=   Shoals:2 [*(*
Shoals:3 *   Snake:1 [=([   Vaults:2 !   Vaults:5 =   Depths:4 =

Portals:
Hell: Depths:1 Depths:2 Depths:3 Depths:4
Abyss: Lair:6 Depths:3
Pandemonium: Depths:2


Innate Abilities, Weirdness & Mutations

You are immune to sickness and miasma.
Your stone body is resilient. (AC +20)
You are immune to poison.
Your large and strong wings let you fly.
You resist negative energy. (rN+)
You are resistant to electric shocks. (rElec)
You are resistant to unholy torment.
You are immune to petrification.
You are frail. (-10% HP)
You are somewhat resistant to further mutation.


Message History

The soul eater is almost dead.
You block the soul eater's attack.
You barely miss the soul eater.
The soul eater is almost dead.
You barely miss the soul eater.
The soul eater is almost dead.
You block the soul eater's attack.
You hit the soul eater.
The soul eater convulses.
You kill the soul eater!
The Shining One accepts your kill.
You feel better.
A chaos spawn is nearby!
Unknown command.
You thrash the chaos spawn!!
The chaos spawn convulses!
You kill the chaos spawn!
The Shining One accepts your kill.
The chaos spawn degenerates into a cloud of primal chaos!
You thrash the neqoxec!!
The neqoxec convulses!!
You kill the neqoxec!
The Shining One accepts your kill.
You feel better.
You barely miss the Brimstone Fiend.
You block the Brimstone Fiend's attack. x2
The Brimstone Fiend misses you.
You thrash the Brimstone Fiend!!
The Brimstone Fiend convulses!
The Brimstone Fiend is moderately wounded.
You completely miss the Brimstone Fiend.
The Brimstone Fiend is moderately wounded.
The Brimstone Fiend gestures at you.
The sphere of damnation explodes!
The damnation engulfs you!!!
* * * LOW HITPOINT WARNING * * *
The damnation engulfs the Brimstone Fiend.
The Brimstone Fiend completely resists.
You whack the Brimstone Fiend!
The Brimstone Fiend convulses!!
The Brimstone Fiend is severely wounded.
Unknown command.
You whack the Brimstone Fiend!
The Brimstone Fiend convulses.
The Brimstone Fiend is almost dead.
The Brimstone Fiend gestures at you.
The sphere of damnation explodes!
The damnation engulfs you!!!
You die...

#### ...##
....## (....##
......# ######
......# #61@.#
......# #.####
......# #.#
......# #.#
.....#########.#
...............#
...............#
.........###..##
.....#...###..##


You could see a Brimstone Fiend and a demonspawn black sun.

Vanquished Creatures
  Cerebov (Pan)
  the Royal Jelly (Slime:5)
  Ignacio (Pan)
  Gloorx Vloq (Pan)
  Lom Lobon (Pan)
  Mnoleg (Pan)
  A seraph (Pan)
  2 dread liches
  2 ancient liches
  Mennas (Pan)
  6 juggernauts
  6 royal mummies
  3 Killer Klowns (Zig:8)
  Margery (Crypt:1)
  Frederick (Crypt:1)
  Vashnia (Snake:3)
  12 golden dragons
  5 curse toes
  Geryon (Hell)
  Nikola (Elf:1)
  Jory (Crypt:1)
  The ghost of holysushi the Imperceptible, a veteran KoMo of Dithmenos (Vaults:3)
  15 bone dragons
  4 pearl dragons
  20 Tzitzimimeh
  24 Brimstone Fiends
  3 doom hounds (Zig:16)
  5 electric golems
  4 hellephants
  32 Ice Fiends
  A tainted leviathan (Zig:16)
  22 tentacled monstrosities
  14 liches
  A walking crystal tome (Depths:4)
  2 titans (Vaults:4)
  27 Hell Sentinels
  8 quicksilver dragons
  A walking frostbound tome (Depths:1)
  3 deep elf blademasters
  3 deep elf master archers (Elf:3)
  Gastronok (Lair:3)
  29 acid blobs
  16 sphinxes
  A kraken (Shoals:2)
  10 tentacled starspawn
  4 ancient champions
  10 death cobs
  40 pandemonium lords
  58 Executioners
  2 eldritch tentacles
  Agnes (Snake:4)
  3 thorn hunters
  Kirke (Snake:2)
  Roxanne (Snake:2)
  10 tengu reavers
  11 storm dragons
  13 shadow dragons
  16 rockslimes
  3 draconian monks
  14 azure jellies
  4 revenants
  29 demonspawn warmongers
  10 frost giants
  9 nagarajas
  18 daevas (Pan)
  8 orc warlords
  13 fire giants
  A frost giant (shapeshifter) (Vaults:4)
  22 vault wardens
  6 draconian knights
  Aizul (Snake:3)
  57 balrugs
  An emperor scorpion (Zig:15)
  7 deep elf sorcerers
  5 iron dragons
  A caustic shrike zombie (Hell)
  A juggernaut zombie (Hell)
  8 draconian scorchers
  62 cacodemons
  11 ghost moths
  52 angels
  9 draconian shifters
  6 draconian stormcallers
  2 ghouls (Crypt:1)
  6 curse skulls
  22 demonspawn blood saints
  13 draconian annihilators
  A caustic shrike skeleton (Crypt:3)
  27 ophanim
  26 ironbound preservers
  7 deep elf elementalists
  A juggernaut skeleton (Hell)
  46 demonspawn corrupters
  8 war gargoyles
  13 quicksilver oozes
  50 reapers
  24 stone giants
  40 very ugly things
  A broodmother (Zig:12)
  6 bennus
  5 ironbound thunderhulks
  35 demonspawn black suns (Pan)
  9 vampire knights
  11 green draconians
  16 deep elf annihilators
  6 deep elf demonologists
  5 putrid mouths (Zig:16)
  75 lorocyprocas
  31 apis (Pan)
  7 entropy weavers
  4 dire elephants
  2 minotaurs
  12 red draconians
  17 purple draconians
  15 white draconians
  20 yellow draconians
  5 spark wasps
  17 black draconians
  3 bunyips (Zig:15)
  Snorg (D:12)
  59 blizzard demons
  13 merfolk javelineers
  6 deep elf death magi
  4 crystal guardians
  4 jiangshi
  14 mummy priests
  23 ettins
  7 eidola
  37 green deaths
  An iron golem (Hell)
  6 merfolk impalers
  5 spriggan zombies
  7 salamander tyrants
  9 fire dragons
  14 great orbs of eyes
  Josephine (D:11)
  A fire dragon (shapeshifter) (Vaults:4)
  A kraken zombie (Hell)
  17 yaktaur captains
  4 deep elf high priests
  9 hydras
  21 hell beasts
  10 rakshasas
  2 anacondas (shapeshifter)
  4 peacekeepers
  6 boulder beetles
  5 ice dragons
  5 alligator snapping turtles
  3 juggernaut simulacra
  A caustic shrike simulacrum (Depths:2)
  41 vault guards
  6 merfolk avatars
  28 two-headed ogres
  3 spectral shadow dragons (Zig:16)
  2 catoblepae
  A radroach (Zig:12)
  Harold (D:9)
  4 ghost crabs
  2 spriggan air magi
  12 centaur warriors
  7 ogre magi
  19 naga warriors
  4 spriggan skeletons
  12 anacondas
  4 death knights
  10 merfolk aquamancers
  10 death yaks
  11 ironbound frosthearts
  5 death scarabs (Tomb:1)
  33 dancing weapons
  3 vampire magi
  4 tengu warriors
  4 titan zombies
  5 deep troll earth magi
  3 hell hogs (Abyss:4)
  10 deep troll shamans
  31 hell knights
  25 naga sharpshooters
  4 satyrs
  12 thrashing horrors
  5 orc high priests
  11 shock serpents
  6 holy swine (Pan)
  6 spriggan berserkers
  135 soul eaters
  16 deep elf knights
  Urug (D:11)
  243 sun demons
  10 wretched stars
  An iron troll (shapeshifter) (Vaults:5)
  2 fire crabs
  13 iron trolls
  6 pharaoh ants (Zig:12)
  70 deep trolls
  61 sixfirhies (Pan)
  2 spatial maelstroms
  27 skeletal warriors
  2 titan skeletons (Pan)
  11 shadow wraiths
  2 anaconda zombies
  6 salamander mystics
  67 shadow demons
  Lodul (D:12)
  6 glowing orange brains
  2 bog bodies (Crypt:1)
  2 golden dragon zombies
  An iron giant zombie (Crypt:2)
  A swamp dragon (Abyss:3)
  11 flayed ghosts
  21 cherubim (Pan)
  3 death drakes
  An orb spider (Zig:12)
  14 deep elf archers
  An orange crystal statue (Zig:13)
  16 sea snakes
  26 phantasmal warriors
  169 large abominations
  5 naga ritualists
  A bunyip skeleton (Crypt:1)
  A steelbarb worm (shapeshifter) (Zig:11)
  19 ironbound convokers
  4 anaconda skeletons
  3 obsidian statues (Zig:13)
  14 wizards
  12 orc knights
  18 harpies
  26 deep elf zephyrmancers
  13 necromancers
  17 lindwurms
  A tengu zombie (Hell)
  2 human zombies (Vaults:4)
  3 mana vipers (Snake:1)
  12 orc sorcerers
  4 oklob plants (Depths:3)
  A stone giant zombie (Hell)
  12 manticores
  31 deep elf pyromancers
  4 tengu skeletons (Vaults:3)
  5 fauns
  20 salamanders
  A frost giant zombie (Hell)
  A salamander (shapeshifter) (Depths:3)
  14 shining eyes
  52 ugly things
  An elephant (shapeshifter) (Zig:8)
  10 cyclopes
  A shadow dragon skeleton (Depths:2)
  3 worldbinders
  A moth of wrath (shapeshifter) (Vaults:5)
  A manticore (shapeshifter) (Vaults:4)
  5 elephants
  An iron dragon skeleton (Depths:2)
  30 moths of wrath
  12 guardian serpents
  13 merfolk sirens
  A frost giant skeleton (Vaults:3)
  7 water nymphs
  2 apocalypse crabs (Abyss:3)
  A stone giant skeleton (Pan)
  2 centaur skeletons (Pan)
  14 molten gargoyles
  9 ice statues
  A draconian skeleton (Zot:2)
  13 gargoyles
  8 eyes of devastation
  Joseph (D:9)
  4 torpor snails
  40 black mambas
  20 vault sentinels
  22 naga magi
  19 rust devils
  90 orange demons
  4 rime drakes
  A swamp worm zombie (Crypt:2)
  205 smoke demons
  2 naga skeletons
  2 unseen horrors (shapeshifter)
  14 cane toads
  An orb spider zombie (Crypt:1)
  6 unseen horrors
  12 komodo dragons
  Psyche (D:12)
  57 hellions
  A minotaur zombie (Crypt:1)
  A minotaur skeleton (Crypt:1)
  5 kobold demonologists
  7 ancient zymes
  4 tengu conjurers
  13 freezing wraiths
  An anaconda simulacrum (IceCv)
  16 efreet
  A red draconian skeleton (Zot:2)
  24 yaktaurs
  80 demonic crawlers
  2 sea snake zombies (Hell)
  A golden dragon simulacrum (Depths:2)
  2 yaktaurs (shapeshifter)
  A grey draconian skeleton (Crypt:1)
  An alligator snapping turtle skeleton (Abyss:1)
  An entropy weaver simulacrum (IceCv)
  12 guardian mummies
  22 ice devils
  27 red devils
  36 tormentors
  86 hellwings
  2 hydra zombies (Hell)
  A meliai (Zig:3)
  A silent spectre (Zig:16)
  3 polar bears
  2 wind drakes (shapeshifter)
  A harpy zombie (Crypt:3)
  20 trolls
  2 harpy skeletons (Pan)
  48 merfolk
  8 hornets
  10 wind drakes
  15 dream sheep
  105 slime creatures
  23 blink frogs
  2 ettin zombies
  A moth of wrath zombie (Zot:2)
  25 raiju
  A death drake skeleton (Crypt:2)
  2 raiju (shapeshifter)
  5 jumping spiders
  A deep troll skeleton (Vaults:3)
  3 spriggans
  12 snapping turtles
  44 starcursed masses
  An iron dragon simulacrum (Abyss:4)
  A boulder beetle zombie (Crypt:2)
  Sigmund (D:2)
  A culicivora (Zig:12)
  15 flying skulls
  4 wyverns
  2 dire elephant simulacra (IceCv)
  5 vampires (Crypt:3)
  155 ynoxinuls
  22 water elementals
  4 shadows
  2 ettin skeletons
  Eustachio (D:4)
  8 fire elementals
  59 yaks
  An ice dragon skeleton (Pan)
  3 fire bats (Abyss:2)
  5 air elementals
  18 wraiths
  An ushabti (Tomb:1)
  2 death yak simulacra (D:12)
  11 basilisks
  2 steam dragons
  An elf skeleton (Vaults:4)
  21 golden eyes
  A hog (shapeshifter) (Elf:1)
  5 hogs (Snake:2)
  2 redbacks
  Menkaure (D:5)
  115 chaos spawn
  63 neqoxecs
  8 vampire mosquitoes
  A demonspawn zombie (Crypt:1)
  An acid dragon (D:10)
  2 spatial vortices (Depths:2)
  3 harpy simulacra
  38 nagas
  15 wargs
  17 hell hounds
  12 water moccasins
  3 floating eyes
  2 ice beasts
  3 sky beasts
  A sky beast (shapeshifter) (D:13)
  4 black bears
  55 orc warriors
  2 boggarts (Vaults:3)
  15 ogres
  25 wolves
  16 centaurs
  6 human skeletons (Vaults:3)
  2 phantoms (D:6)
  3 kobold brigands
  11 bullfrogs
  8 gnoll sergeants (Bailey)
  A cane toad simulacrum (IceCv)
  A necrophage (D:4)
  9 earth elementals
  3 scorpions
  A yaktaur skeleton (Crypt:2)
  2 two-headed ogre simulacra
  A shapeshifter zombie (Crypt:1)
  22 small abominations
  23 wights
  An elephant simulacrum (D:12)
  A queen bee zombie (Crypt:2)
  11 killer bees
  A killer bee (shapeshifter) (D:15)
  2 electric eels (Snake:2)
  4 howler monkeys
  4 crimson imps (Pan)
  A lava snake (Depths:2)
  A quasit (Abyss:3)
  5 hounds
  3 jellies
  8 gnoll shamans
  16 orc priests
  2 iron imps (Abyss:3)
  6 iguanas
  26 orc wizards
  12 hell rats
  Natasha (twice) (D:2)
  3 troll simulacra
  6 lightning spires
  4 wolf simulacra
  An ogre zombie (Crypt:2)
  A deep dwarf skeleton (Crypt:2)
  40 mummies
  9 adders
  30 gnolls
  5 naga simulacra
  2 shadow imps
  7 white imps
  7 ufetubi
  A worm zombie (Crypt:2)
  A worm (D:2)
  2 dart slugs
  100 orcs
  12 ball pythons
  7 endoplasms
  5 giant cockroaches
  3 gnoll zombies (Ossuary)
  5 goblins
  7 hobgoblins
  13 jackals
  12 kobolds
  3 quokkas
  5 bats
  8 frilled lizards
  2 hobgoblin zombies (Ossuary)
  A kobold zombie (Ossuary)
  3 orc zombies
  7 rats
  A rat skeleton (Crypt:1)
  3 briar patches (Abyss:3)
  3 lurking horrors
  4 starspawn tentacles
  7 tentacles
5906 creatures vanquished.

Vanquished Creatures (others)
  An Ice Fiend (Pan)
  A death cob (Zot:2)
  2 eldritch tentacles (Pan)
  2 demonspawn blood saints (Pan)
  A reaper (Pan)
  A demonspawn black sun (Pan)
  2 blizzard demons (Pan)
  2 ettins
  An ice dragon (D:15)
  A spriggan berserker (Depths:1)
  A soul eater (Pan)
  A hell knight (Depths:1)
  A deep elf knight (Elf:2)
  A sixfirhy (Pan)
  A cherub (Pan)
  An ironbound convoker (Vaults:1)
  A wizard (Depths:2)
  A salamander (Snake:4)
  A deep elf zephyrmancer (Elf:1)
  2 moths of wrath
  A merfolk (Shoals:2)
  A water elemental (Hell)
  A ynoxinul (Pan)
  3 neqoxecs (Pan)
  3 chaos spawn (Pan)
  An ufetubus (Abyss:3)
  An iguana skeleton (Crypt:1)
  13 ball lightnings
  2 briar patches (Abyss:3)
  5 demonic plants
  41 fungi
  2 lurking horrors
  51 plants
  28 starspawn tentacles
  20 tentacles
  6 withered plants
204 creatures vanquished.

Grand Total: 6110 creatures vanquished

Notes
Turn   | Place    | Note
-------+----------+-------------------------------------------
     0 | D:1      | Antichthon the Gargoyle Fighter began the quest for the
                  | Orb.
     0 | D:1      | Reached XP level 1. HP: 14/14 MP: 1/1
   184 | D:1      | Reached XP level 2. HP: 14/19 MP: 2/2
   824 | D:1      | Reached XP level 3. HP: 22/23 MP: 3/3
  1279 | D:1      | Found a faded altar of an unknown god.
  1986 | D:2      | Reached skill level 1 in Invocations
  1986 | D:2      | Reached XP level 4. HP: 28/28 MP: 4/4
  2235 | D:2      | Noticed Natasha
  2243 | D:2      | Killed Natasha
  2306 | D:2      | Reached skill level 1 in Dodging
  2360 | D:2      | Noticed Sigmund
  2376 | D:2      | Killed Sigmund
  2377 | D:2      | Reached XP level 5. HP: 13/33 MP: 4/6
  2377 | D:2      | Reached XP level 6. HP: 15/38 MP: 4/7
  2392 | D:2      | Noticed Natasha
  2409 | D:2      | Killed Natasha
  3232 | D:3      | Found a shadowy altar of Dithmenos.
  3641 | D:4      | Found a sand-covered staircase.
  3645 | Ossuary  | Entered an ossuary
  4320 | Ossuary  | Identified a scroll of acquirement
  4320 | Ossuary  | Acquired the +1 pair of gloves "Ecoonif" {rC+ Slay+3}
  4404 | D:4      | Found a staircase to the Ecumenical Temple.
  4410 | Temple   | Entered the Ecumenical Temple
  4507 | D:4      | Reached XP level 7. HP: 19/43 MP: 8/8
  5288 | D:4      | Reached skill level 5 in Maces & Flails
  5436 | D:5      | Entered Level 5 of the Dungeon
  5572 | D:5      | Noticed Eustachio
  5584 | D:4      | Reached skill level 5 in Armour
  5655 | D:4      | Killed Eustachio
  5656 | D:4      | Reached skill level 5 in Shields
  5656 | D:4      | Reached XP level 8. HP: 35/48 MP: 8/10
  6200 | D:5      | Noticed Menkaure
  6207 | D:5      | Killed Menkaure
  6208 | D:5      | Reached skill level 5 in Fighting
  6381 | D:5      | Found a bloodstained altar of Trog.
  6742 | D:5      | Acquired a manual of Armour
  7160 | D:6      | Found a white marble altar of Elyvilon.
  7592 | D:6      | Reached XP level 9. HP: 37/54 MP: 9/11
  8350 | D:7      | Noticed a troll
  8357 | D:7      | Killed a troll
  8943 | D:7      | Reached XP level 10. HP: 60/60 MP: 13/13
  9289 | D:7      | Reached skill level 5 in Invocations
  9559 | D:8      | Noticed a death yak
  9559 | D:8      | Noticed a death yak
  9970 | D:8      | Found Oroh's Weapon Emporium.
 10022 | D:8      | Found a flagged portal.
 10041 | Bailey   | Entered a bailey
 10417 | Bailey   | Reached skill level 10 in Maces & Flails
 10884 | Bailey   | Got the Grimoire of Malediction and the Mountains
 11062 | D:8      | Found a staircase to the Lair.
 11096 | D:8      | Reached XP level 11. HP: 54/67 MP: 12/15
 11192 | D:8      | Noticed a death yak
 11223 | D:8      | Killed a death yak
 11237 | D:8      | Killed a death yak
 11516 | D:8      | Killed a death yak
 11517 | D:8      | Reached skill level 10 in Armour
 12174 | D:9      | Noticed Joseph
 12183 | D:9      | Killed Joseph
 12705 | D:9      | Noticed a two-headed ogre
 12740 | D:9      | Killed a two-headed ogre
 12840 | D:9      | Found a snail-covered altar of Cheibriados.
 12880 | D:9      | Found a shimmering altar of Xom.
 12885 | D:9      | Found a glowing golden altar of the Shining One.
 12965 | D:9      | Became a worshipper of the Shining One
 13042 | D:9      | Noticed Harold
 13057 | D:9      | Killed Harold
 13487 | Lair:1   | Entered Level 1 of the Lair of Beasts
 13531 | Lair:1   | Reached skill level 5 in Dodging
 13792 | Lair:1   | Reached XP level 12. HP: 69/75 MP: 14/16
 15592 | Lair:3   | Reached * piety under the Shining One
 15991 | Lair:3   | Noticed Gastronok
 16019 | Lair:3   | Killed Gastronok
 16638 | Lair:4   | Found a staircase to the Snake Pit.
 16665 | Lair:4   | Found a staircase to the Shoals.
 16858 | Lair:4   | Reached XP level 13. HP: 54/80 MP: 13/18
 17577 | Lair:4   | Reached skill level 10 in Fighting
 18213 | Lair:5   | Identified the +8 fustibalus "Cilein" {vorpal, rPois}
 18306 | Lair:5   | Found a viscous altar of Jiyva.
 18307 | Lair:5   | Found a staircase to the Slime Pits.
 18383 | Lair:5   | You fall into a shaft and drop 1 floor!
 18383 | Lair:6   | Entered Level 6 of the Lair of Beasts
 18451 | Lair:6   | Reached ** piety under the Shining One
 18517 | Lair:6   | Reached skill level 1 in Slings
 18928 | Lair:6   | Gained mutation: Your large and strong wings let you fly.
                  | [Gargoyle growth]
 18928 | Lair:6   | Reached XP level 14. HP: 37/88 MP: 10/20
 19016 | Lair:6   | Reached skill level 15 in Maces & Flails
 19077 | Lair:6   | Found a dark tunnel.
 19268 | Volcano  | Entered a volcano
 19860 | Volcano  | Noticed a red draconian
 19860 | Volcano  | Noticed an orb of fire
 19888 | Volcano  | Killed a red draconian
 20170 | Volcano  | Noticed an orb of fire
 21009 | Lair:6   | Found a one-way gate to the infinite horrors of the Abyss.
 21009 | Lair:6   | Found a corrupted altar of Lugonu.
 21017 | Lair:6   | Reached *** piety under the Shining One
 21023 | Lair:6   | Reached skill level 10 in Shields
 22176 | Lair:6   | Identified the +7 dagger of Calculation {flame, rN+++
                  | Dex+4}
 22177 | Lair:6   | Identified the +2 hand crossbow "Kadwoxt" {vorpal, rC+
                  | Will- rCorr MP+9}
 22440 | D:10     | Entered Level 10 of the Dungeon
 22641 | D:10     | Found an ornate altar of the Wu Jian Council.
 22641 | D:10     | Found a shimmering blue altar of Sif Muna.
 23192 | D:11     | Reached skill level 15 in Armour
 23387 | D:11     | Noticed Urug
 23399 | D:11     | Killed Urug
 23400 | D:11     | Reached XP level 15. HP: 87/96 MP: 18/21
 23452 | D:11     | Reached **** piety under the Shining One
 23659 | D:11     | Noticed Josephine
 23688 | D:11     | Killed Josephine
 24017 | D:12     | Found a frozen archway.
 24059 | IceCv    | Entered an ice cave
 24077 | IceCv    | Reached ***** piety under the Shining One
 25330 | D:12     | Reached ****** piety under the Shining One
 25591 | D:12     | Noticed Psyche
 25594 | D:12     | Killed Psyche
 25668 | D:12     | Found a staircase to the Orcish Mines.
 25836 | D:12     | Noticed Snorg
 25851 | D:12     | Killed Snorg
 26125 | D:12     | Noticed Lodul
 26173 | D:12     | Killed Lodul
 26727 | Orc:1    | Entered Level 1 of the Orcish Mines
 26827 | Orc:2    | Entered Level 2 of the Orcish Mines
 26827 | Orc:2    | Found a staircase to the Elven Halls.
 27014 | Orc:1    | Paralysed by an orc sorcerer for 5 turns
 27376 | Orc:1    | Found Wegiw's Distillery.
 27823 | Orc:2    | Paralysed by an orc sorcerer for 5 turns
 28847 | Orc:2    | Paralysed by an orc sorcerer for 3 turns
 29304 | Orc:2    | Paralysed by an orc sorcerer for 3 turns
 30255 | Orc:2    | Reached XP level 16. HP: 64/103 MP: 23/23
 30462 | Orc:2    | Found Lyfit's Distillery.
 30462 | Orc:2    | Found Neelab's Antique Armour Shop.
 30477 | Orc:2    | Bought a pair of boots for 162 gold pieces
 30790 | Orc:2    | Found Qoqionly's Jewellery Shoppe.
 30790 | Orc:2    | Found Beunaorr's Armour Shop.
 30796 | Orc:2    | Bought a ring of resist corrosion for 220 gold pieces
 31244 | D:13     | Got the Reference Book on Flames and Bewitchment
 31938 | D:14     | Found an opulent altar of Gozag.
 31970 | D:14     | Found a gate leading to a gauntlet.
 31980 | Gauntlet | Entered a Gauntlet
 31980 | Gauntlet | Found a transporter.
 31991 | Gauntlet | Found a transporter.
 31993 | Gauntlet | Found a transporter.
 32006 | Gauntlet | Found a transporter.
 32007 | Gauntlet | Found a transporter.
 32014 | Gauntlet | Found a transporter.
 32036 | Gauntlet | Found a transporter.
 32047 | Gauntlet | Found a transporter.
 32049 | Gauntlet | Found the ring of Shadows {Umbra +Inv Stlth+}
 32059 | Gauntlet | Found a transporter.
 32078 | Gauntlet | Found a transporter.
 32092 | Gauntlet | Found a transporter.
 32092 | Gauntlet | Found a transporter.
 32140 | Gauntlet | Found a transporter.
 32154 | Gauntlet | Found a transporter.
 32242 | Gauntlet | Identified the +1 pair of gloves of Cienoh {*Slow rF+ rC++
                  | Str+3}
 32331 | Gauntlet | Identified the amulet "Lolost" {Spirit Regen+ Stlth+}
 32378 | Gauntlet | Identified the +0 arbalest "Difrau" {venom, rC+ Will+
                  | Str+5}
 32397 | Gauntlet | Found the +4 robe of Folly {Brilliance Will-∞ Int+8}
 32414 | Gauntlet | Got the Catalogue of Curses
 32655 | D:14     | Reached skill level 5 in Slings
 32655 | D:14     | Reached skill level 10 in Invocations
 33034 | D:14     | Found a gate to the Vaults.
 33097 | D:14     | Identified the +4 ring mail of Xom, Flying {Harm rF++}
 33860 | Snake:1  | Entered Level 1 of the Snake Pit
 34574 | Snake:1  | Found Zaech's Antique Weapon Shoppe.
 34574 | Snake:1  | Found Reciacw's Jewellery Emporium.
 34575 | Snake:1  | Found Nuangen's Antique Armour Shoppe.
 34577 | Snake:1  | Found Kubolyet's Armour Emporium.
 34589 | Snake:1  | Bought the amulet of the Four Winds {rN+ Will+++ Clar} for
                  | 614 gold pieces
 34589 | Snake:1  | Found the amulet of the Four Winds {rN+ Will+++ Clar}
 34605 | Snake:1  | Bought a pair of ancient gloves for 256 gold pieces
 34605 | Snake:1  | Identified the +1 pair of gloves of Veukoson {Str+4} (You
                  | bought it in a shop on level 1 of the Snake Pit)
 34606 | Snake:1  | Bought a pair of runed boots for 202 gold pieces
 35658 | Snake:1  | Reached XP level 17. HP: 98/111 MP: 24/24
 36943 | Snake:2  | Noticed Roxanne
 38284 | Snake:2  | Killed Roxanne
 38428 | Snake:3  | Noticed Kirke
 38586 | Snake:2  | Killed Kirke
 38775 | Snake:3  | Noticed Vashnia
 39619 | Snake:3  | Killed Vashnia
 40793 | Snake:4  | Entered Level 4 of the Snake Pit
 41350 | Snake:4  | Noticed Aizul
 41387 | Snake:3  | Killed Aizul
 42078 | Snake:4  | Reached skill level 15 in Fighting
 42094 | Snake:4  | Reached XP level 18. HP: 119/119 MP: 26/26
 42197 | Snake:4  | Noticed a quicksilver dragon
 43453 | Snake:4  | Killed a quicksilver dragon
 43911 | Snake:4  | Noticed Agnes
 43929 | Snake:4  | Killed Agnes
 45096 | Snake:4  | Noticed a quicksilver dragon
 45282 | Snake:3  | HP: 4/119 [quicksilver dragon/bolt of dispelling energy
                  | (26)]
 45287 | Snake:3  | Killed a quicksilver dragon
 46513 | Snake:4  | Got a serpentine rune of Zot
 46660 | Shoals:1 | Entered Level 1 of the Shoals
 48354 | Shoals:2 | You are sucked into a shaft and drop 1 floor!
 48356 | Shoals:3 | Found Uhunlow's Gadget Gallery.
 48976 | Shoals:2 | Reached XP level 19. HP: 82/125 MP: 27/27
 49034 | Shoals:2 | Found Erasch's Visitors' Centre.
 49652 | Shoals:2 | Found Erasch's Merfolk Magic.
 49652 | Shoals:2 | Found Erasch's Merfolk Armours.
 49652 | Shoals:2 | Found Erasch's Merfolk Weapons.
 49665 | Shoals:2 | Bought 2 silver boomerangs for 39 gold pieces
 49665 | Shoals:2 | Bought 2 silver javelins for 62 gold pieces
 50054 | Shoals:2 | Reached skill level 15 in Shields
 51992 | Shoals:4 | Entered Level 4 of the Shoals
 53356 | Shoals:4 | Got a barnacled rune of Zot
 54670 | Shoals:3 | Cast into level 2 of the Abyss (merfolk aquamancer)
 54942 | Shoals:3 | Escaped the Abyss
 55982 | D:15     | Entered Level 15 of the Dungeon
 56336 | D:15     | Acquired the +1 helmet "Visasumy" {Dex+4}
 56643 | D:15     | Found Nialih's Antique Armour Shoppe.
 56662 | D:15     | Bought a heavily runed plate armour for 1008 gold pieces
 56662 | D:15     | Identified the +3 plate armour "Luygumuhu" {rPois} (You
                  | bought it in a shop on level 15 of the Dungeon)
 56662 | D:15     | Bought a pair of faintly humming gloves for 342 gold pieces
 56662 | D:15     | Identified the -4 pair of gloves of Cheibriados, Summoning
                  | {rPois rF+ Dex+4} (You bought it in a shop on level 15 of
                  | the Dungeon)
 57162 | D:15     | Identified the +3 scale mail "Igaujub" {+Inv}
 57189 | D:15     | Reached XP level 20. HP: 132/132 MP: 29/29
 57213 | D:15     | Found a staircase to the Depths.
 57249 | Depths:1 | Entered Level 1 of the Depths
 58392 | Depths:1 | Found a gateway to Hell.
 58469 | Depths:1 | Reached skill level 10 in Dodging
 58828 | Vaults:1 | Entered Level 1 of the Vaults
 60500 | Vaults:1 | Found a transporter.
 60544 | Vaults:1 | Found a transporter.
 60903 | Vaults:2 | Found Hynustrikh's Distillery.
 60942 | Vaults:2 | Found a flickering gateway to a bazaar.
 60949 | Bazaar   | Entered a bazaar
 60949 | Bazaar   | Found Esitzox's Weapon Boutique.
 60949 | Bazaar   | Found Sabboinu's Antique Weapon Shop.
 60949 | Bazaar   | Found Xiqom's Antique Armour Shop.
 60957 | Bazaar   | Bought a masterwork flail for 272 gold pieces
 60957 | Bazaar   | Identified the +7 flail "Hodech" {protect, Will+ Dex+9
                  | Stlth-} (You bought it in a shop in a bazaar)
 61053 | Vaults:2 | Found a magical portal.
 61060 | WizLab   | Entered Maxwell's Workshop
 61450 | WizLab   | Identified the ring "Wyqa" {Ice rElec Will+ Int+4}
 61452 | WizLab   | Identified the ring of Obsession {Ice Will++}
 62294 | WizLab   | Noticed an electric golem
 62323 | WizLab   | Killed an electric golem
 62415 | WizLab   | Identified the +2 pair of gloves of Oroalluh {Slay+2}
 62430 | WizLab   | Identified the ring of Guununov {Fire Int+5}
 63036 | Vaults:2 | Reached XP level 21. HP: 139/139 MP: 30/30
 65020 | Vaults:3 | Found a runed translucent gate.
 65020 | Vaults:3 | Found a runed translucent gate.
 65020 | Vaults:3 | Found a runed translucent gate.
 65021 | Vaults:3 | Noticed holysushi's ghost (veteran KoMo)
 65222 | Vaults:3 | Found a staircase to the Crypt.
 66358 | Vaults:3 | Found a transporter.
 66397 | Vaults:3 | Found a transporter.
 66603 | Vaults:4 | Got the Almanac of Mutagenic Curses
 67034 | Vaults:4 | Reached XP level 22. HP: 147/147 MP: 32/32
 67520 | Vaults:4 | Found a portal to a secret trove of treasure.
 67886 | Orc:2    | Bought shiny fire dragon scales for 2268 gold pieces
 68501 | Vaults:4 | You paid a toll of +3 fire dragon scales to enter a
                  | treasure trove
 68502 | Trove    | Entered a treasure trove
 68506 | Trove    | Identified the ring "Coyl Xie" {Drain Will+ EV+4 Int+4
                  | Dex-3}
 68508 | Trove    | Identified the ring "Ryngur" {EV+4 Str+2 Dex+3}
 68510 | Trove    | Identified the ring of Mimur {rElec rPois Will- rCorr AC+4}
 68515 | Trove    | Identified the ring "Wujezi" {Ice rPois Int+3 Stlth+}
 68523 | Trove    | Identified the amulet of Nesharo {Faith rC- Regen+ Int+5}
 68527 | Trove    | Identified the ring "Qughuos" {rF+ Int+7 Dex+6}
 69835 | Elf:1    | Entered Level 1 of the Elven Halls
 70193 | Elf:1    | Found Tukk's Antique Armour Boutique.
 70381 | Elf:1    | Reached skill level 10 in Slings
 71144 | Vaults:1 | Identified the ring of Zin's Anger {rPois rN+ Will+ Dex+3}
 71614 | Vaults:3 | Killed holysushi's ghost
 71677 | Vaults:3 | Identified the +4 cloak of the Thistle {Dex+9}
 71809 | Vaults:3 | Gained mutation: Your magical capacity is low. (-10% MP)
                  | [mutagenic glow]
 71822 | Vaults:3 | Gained mutation: You have hidden genetic defects.
                  | [mutagenic glow]
 71838 | Vaults:3 | Gained mutation: You sometimes lose the ability to read
                  | scrolls when taking damage. [mutagenic glow]
 71839 | Vaults:3 | Lost mutation: Your magical capacity is low. (-10% MP)
                  | [potion of mutation]
 71839 | Vaults:3 | Lost mutation: You have hidden genetic defects. [potion of
                  | mutation]
 71839 | Vaults:3 | Lost mutation: You sometimes lose the ability to read
                  | scrolls when taking damage. [potion of mutation]
 71839 | Vaults:3 | Gained mutation: You passively map a small area around you.
                  | [potion of mutation]
 71839 | Vaults:3 | Gained mutation: You are robust. (+10% HP) [potion of
                  | mutation]
 71857 | Vaults:3 | Got the Grimoire of Unholy Creation
 71859 | Vaults:3 | Identified the ring of Salaept {Wiz Str+5 SInv}
 71871 | Vaults:3 | Identified the ring of Pidisivy {rCorr Dex+3 Stlth+}
 72545 | Elf:1    | Noticed Nikola
 72588 | Elf:1    | Killed Nikola
 73128 | Elf:2    | Found Casm's Assorted Antiques.
 73150 | Elf:2    | Bought a scroll of magic mapping for 80 gold pieces
 73150 | Elf:2    | Bought a wand of iceblast (3) for 92 gold pieces
 73150 | Elf:2    | Bought a wand of flame (11) for 23 gold pieces
 73282 | Elf:2    | Found Istemp's Jewellery Boutique.
 73347 | Elf:2    | Found Beetwe Ypha's Weapon Shop.
 73575 | Elf:2    | Reached XP level 23. HP: 168/168 MP: 33/33
 73738 | Elf:2    | Found a huge runed translucent gate.
 73740 | Elf:2    | Found a huge runed translucent gate.
 73740 | Elf:2    | Found a huge runed translucent gate.
 73742 | Elf:2    | Found a huge runed translucent gate.
 73742 | Elf:2    | Found a huge runed translucent gate.
 73844 | Elf:2    | Found Asou's Antique Weapon Boutique.
 73899 | Elf:2    | Bought a steaming broad axe for 306 gold pieces
 73899 | Elf:2    | Identified the +12 broad axe of the Barnacled God {drain,
                  | Stlth+} (You bought it in a shop on level 2 of the Elven
                  | Halls)
 74979 | Elf:3    | Entered Level 3 of the Elven Halls
 76390 | Elf:3    | Identified the ring of Soilic {EV+4 Str+7 Slay-6}
 76471 | Elf:3    | Identified the +5 chain mail "Gesicuja" {rF+}
 76767 | Elf:3    | Identified the ring "Sutuk" {rF+ Will+ Dex+3}
 76836 | Elf:3    | Found the +10 Black Knight's barding {ponderous, rPois rN+}
 76974 | Elf:3    | Identified the +6 war axe of the Foremost Artists {venom,
                  | Will++ Str-3 Dex+3}
 76985 | Elf:3    | Identified the +2 scale mail of Uhylefoe {rElec}
 77227 | Elf:3    | Paralysed by an air elemental for 1 turns
 77231 | Elf:3    | Paralysed by an air elemental for 1 turns
 77656 | Crypt:1  | Entered Level 1 of the Crypt
 77866 | Crypt:1  | Noticed Margery
 77891 | Crypt:1  | Killed Margery
 77908 | Crypt:1  | Noticed Frederick
 77917 | Crypt:1  | Killed Frederick
 77964 | Crypt:1  | Identified a +2 sacred scourge of holy wrath (a +0 demon
                  | whip of flaming blessed by the Shining One)
 77964 | Crypt:1  | Received a gift from the Shining One
 78042 | Crypt:1  | Noticed Jory
 78058 | Crypt:1  | Killed Jory
 79001 | Crypt:2  | Got Further Progress in Rites and Rhymes
 79057 | Crypt:2  | Reached XP level 24. HP: 177/177 MP: 33/33
 80050 | Crypt:3  | Entered Level 3 of the Crypt
 80443 | Crypt:3  | Found the +3 giant club "Skullcrusher" {speed, Str+7}
 80481 | Crypt:3  | Identified the ring "Igorgh" {rPois rF- Int+5}
 80917 | Crypt:3  | Found a staircase to the Tomb.
 81235 | Crypt:3  | Found the +5 scythe "Finisher" {speed, eviscerate}
 81500 | Crypt:3  | Found an ancient bone altar of Kikubaaqudgha.
 81523 | Crypt:3  | Noticed an ancient lich
 81536 | Crypt:3  | Killed an ancient lich
 81574 | Crypt:3  | Got the Collected Works on Malediction and the Frostbite
 81799 | Crypt:3  | Gained mutation: You are weak. (Str -2) [mutagenic glow]
 81808 | Crypt:3  | Gained mutation: You tend to lose your temper in combat.
                  | [mutagenic glow]
 81832 | Crypt:3  | Gained mutation: Your magical capacity is low. (-10% MP)
                  | [mutagenic glow]
 81850 | Crypt:3  | Lost mutation: You are weak. (Str -2) [potion of mutation]
 81850 | Crypt:3  | Lost mutation: Your magical capacity is low. (-10% MP)
                  | [potion of mutation]
 81850 | Crypt:3  | Lost mutation: You are robust. (+10% HP) [potion of
                  | mutation]
 81850 | Crypt:3  | Lost mutation: You tend to lose your temper in combat.
                  | [potion of mutation]
 82627 | Depths:1 | Reached skill level 15 in Invocations
 83567 | Depths:1 | Reached XP level 25. HP: 138/169 MP: 34/34
 83987 | Depths:2 | Found a one-way gateway to a ziggurat.
 84046 | Depths:2 | Found a one-way gate leading to the halls of Pandemonium.
 84277 | Depths:2 | Got Laukhlud's Disquisition on the Traveller
 84470 | Depths:2 | Got Lehudib's Almanac of Stones
 84594 | Depths:2 | Paralysed by an air elemental for 1 turns
 84732 | Depths:2 | Got the Catalogue of the Birds
 84835 | Depths:2 | Got Sif Muna's Grimoire of Fire
 85122 | Depths:3 | Found a broken altar of Ashenzari.
 85508 | Depths:3 | Paralysed by a floating eye for 2 turns
 85916 | Depths:4 | Entered Level 4 of the Depths
 87214 | Depths:4 | Found Leobajen's Jewellery Emporium.
 87270 | Depths:4 | Found a gate to the Realm of Zot.
 87373 | Depths:4 | Found a sparkling altar of Nemelex Xobeh.
 87683 | Depths:4 | Acquired the +0 pair of gloves of the Three of Pentacles
                  | {rPois Str+3 Dex-4 Slay+5}
 88035 | Slime:1  | Entered Level 1 of the Pits of Slime
 88114 | Slime:1  | Reached XP level 26. HP: 149/177 MP: 34/34
 88516 | Slime:2  | Gained mutation: Your body sometimes deteriorates upon
                  | taking damage. [a shining eye]
 88992 | Slime:3  | Gained mutation: You occasionally shout uncontrollably at
                  | your foes. [a shining eye]
 89847 | Slime:3  | Gained mutation: You are occasionally teleported next to
                  | monsters. [a shining eye]
 89849 | Slime:3  | Gained mutation: You sometimes lose the ability to read
                  | scrolls when taking damage. [a shining eye]
 89852 | Slime:3  | Gained mutation: Your spells are a little harder to cast,
                  | but a little more powerful. [a shining eye]
 89854 | Slime:3  | Gained mutation: You are dopey. (Int -2) [a shining eye]
 89856 | Slime:3  | Gained mutation: You are weak. (Str -2) [a shining eye]
 90661 | Slime:5  | Entered Level 5 of the Pits of Slime
 91512 | Slime:5  | Noticed the Royal Jelly
 91694 | Slime:5  | Found a viscous altar of Jiyva.
 91774 | Slime:5  | Killed the Royal Jelly
 91868 | Slime:5  | Lost mutation: You passively map a small area around you.
                  | [a shining eye]
 92187 | Slime:5  | Lost mutation: You are dopey. (Int -2) [potion of mutation]
 92187 | Slime:5  | Lost mutation: You sometimes lose the ability to read
                  | scrolls when taking damage. [potion of mutation]
 92187 | Slime:5  | Lost mutation: Your body sometimes deteriorates upon taking
                  | damage. [potion of mutation]
 92187 | Slime:5  | Gained mutation: You have a pair of small horns on your
                  | head. [potion of mutation]
 92187 | Slime:5  | Gained mutation: You are frail. (-10% HP) [potion of
                  | mutation]
 92187 | Slime:5  | Gained mutation: You have a pair of horns on your head.
                  | [potion of mutation]
 92188 | Slime:5  | Lost mutation: Your spells are a little harder to cast, but
                  | a little more powerful. [potion of mutation]
 92188 | Slime:5  | Lost mutation: You are frail. (-10% HP) [potion of
                  | mutation]
 92188 | Slime:5  | Lost mutation: You are occasionally teleported next to
                  | monsters. [potion of mutation]
 92188 | Slime:5  | Gained mutation: You tend to lose your temper in combat.
                  | [potion of mutation]
 92188 | Slime:5  | Gained mutation: You have sharp toenails. [potion of
                  | mutation]
 92189 | Slime:5  | Lost mutation: You have sharp toenails. [potion of
                  | mutation]
 92189 | Slime:5  | Lost mutation: You tend to lose your temper in combat.
                  | [potion of mutation]
 92190 | Slime:5  | Lost mutation: You occasionally shout uncontrollably at
                  | your foes. [potion of mutation]
 92190 | Slime:5  | Lost mutation: You have a pair of horns on your head.
                  | [potion of mutation]
 92190 | Slime:5  | Lost mutation: You are weak. (Str -2) [potion of mutation]
 92190 | Slime:5  | Gained mutation: You occasionally shout uncontrollably at
                  | your foes. [potion of mutation]
 92190 | Slime:5  | Gained mutation: You are weak. (Str -2) [potion of
                  | mutation]
 92190 | Slime:5  | Gained mutation: You are dopey. (Int -2) [potion of
                  | mutation]
 92191 | Slime:5  | Lost mutation: You are weak. (Str -2) [potion of mutation]
 92191 | Slime:5  | Lost mutation: You have a pair of small horns on your head.
                  | [potion of mutation]
 92191 | Slime:5  | Lost mutation: You are dopey. (Int -2) [potion of mutation]
 92191 | Slime:5  | Gained mutation: You have hidden genetic potential. [potion
                  | of mutation]
 92209 | Slime:5  | Identified the ring "Jaxo" {+Blink rF- rC+ Str+4}
 92252 | Slime:5  | Identified the +10 rapier of the Butterfly {vorpal, rF+
                  | Int+2}
 92255 | Slime:5  | Identified the +11 short sword of Keloest {venom, rN+}
 92256 | Slime:5  | Identified the +10 war axe of Tufeag {venom, rN+++ Str+4
                  | Dex-5 Stlth+}
 92294 | Slime:5  | Got a slimy rune of Zot
 92295 | Slime:5  | Identified the +6 shortbow of Articulation {venom, rF+
                  | Int+4 Dex+3}
 92916 | Orc:1    | Bought a potion of mutation for 112 gold pieces
 92916 | Orc:1    | Bought a potion of mutation for 112 gold pieces
 92982 | Orc:2    | Bought a potion of mutation for 128 gold pieces
 92982 | Orc:2    | Bought a potion of mutation for 128 gold pieces
 93224 | Vaults:2 | Bought a potion of mutation for 128 gold pieces
 93409 | Vaults:5 | Entered Level 5 of the Vaults
 94123 | Vaults:5 | Identified the +6 glaive of Makhleb, Imbibing {vorpal,
                  | rElec rPois rC+ Stlth-}
 94986 | Vaults:5 | Reached XP level 27. HP: 173/184 MP: 35/35
 95378 | Vaults:5 | Noticed a dread lich
 95392 | Vaults:5 | Killed a dread lich
 96077 | Vaults:5 | Found Maebaz's Jewellery Shoppe.
 96099 | Vaults:5 | Bought the ring of Boahil {rF+ rN+ rCorr Int+5 SInv} for
                  | 1269 gold pieces
 96362 | Vaults:5 | Got a silver rune of Zot
 96741 | Vaults:5 | Identified the +10 dagger of Extermination {vorpal, Str+4}
 97437 | Zot:1    | Entered Level 1 of the Realm of Zot
 98232 | Depths:4 | Gained mutation: You are partially covered in large bone
                  | plates. (SH +4) [hidden potential]
100415 | Zot:1    | Acquired 923 gold pieces
103694 | Zot:3    | Gained mutation: Your skin changes colour to match your
                  | surroundings (Stealth+). [hidden potential]
103694 | Zot:3    | Lost mutation: You have hidden genetic potential. [hidden
                  | potential expressed]
103710 | Zot:3    | Reached skill level 27 in Shields
106980 | Zot:5    | Entered Level 5 of the Realm of Zot
108599 | Tomb:1   | Entered Level 1 of the Tomb of the Ancients
108643 | Tomb:1   | Identified the +0 plate armour of the Barnacle {Slay+6}
109090 | Tomb:1   | Noticed a royal mummy
109095 | Tomb:1   | Noticed a royal mummy
109220 | Tomb:1   | Noticed a royal mummy
109228 | Tomb:1   | Killed a royal mummy
109240 | Tomb:1   | Identified the +6 mace "Uleg" {vamp, rElec rC+}
109251 | Tomb:1   | Noticed a royal mummy
109291 | Tomb:1   | Killed a royal mummy
109297 | Tomb:1   | Killed a royal mummy
110617 | Hell     | Entered the Vestibule of Hell
110617 | Hell     | Noticed Geryon
110627 | Hell     | Killed Geryon
112107 | Hell     | Found a gateway to the Iron City of Dis.
112176 | Hell     | Found a gateway to the ashen valley of Gehenna.
112262 | Hell     | Found a gateway to the decaying netherworld of Tartarus.
112321 | Hell     | Found a gateway to the freezing wastes of Cocytus.
112523 | Pan      | Entered Pandemonium
112826 | Pan      | Noticed Cafy the pandemonium lord
112833 | Pan      | Killed Cafy the pandemonium lord
112883 | Pan      | Found an exit through the horrors of the Abyss.
113208 | Pan      | Gained mutation: You tend to lose your temper in combat. [a
                  | neqoxec]
113249 | Pan      | Found an exit through the horrors of the Abyss.
113585 | Pan      | Noticed Cuciud Vaa the pandemonium lord
113606 | Pan      | Killed Cuciud Vaa the pandemonium lord
113735 | Pan      | Found a runed translucent door.
113753 | Pan      | Got a demonic rune of Zot
114080 | Pan      | Entered the realm of Lom Lobon.
114199 | Pan      | Reached skill level 27 in Fighting
114331 | Pan      | Found an exit through the horrors of the Abyss.
115289 | Pan      | Noticed Lom Lobon
115744 | Pan      | Got a magical rune of Zot
115943 | Pan      | Killed Lom Lobon
116466 | Pan      | Noticed Adgha the pandemonium lord
116470 | Pan      | Killed Adgha the pandemonium lord
116504 | Pan      | Gained mutation: Your body sometimes deteriorates upon
                  | taking damage. [a cacodemon]
116506 | Pan      | Gained mutation: Your magical capacity is low. (-10% MP) [a
                  | cacodemon]
116542 | Pan      | Gained mutation: You are agile. (Dex +2) [a cacodemon]
117157 | Pan      | Entered the realm of Mnoleg.
117502 | Pan      | Reached skill level 15 in Slings
117740 | Pan      | Gained mutation: You often lose your temper in combat. [a
                  | cacodemon]
117744 | Pan      | Gained mutation: You are weak. (Str -2) [a cacodemon]
117840 | Pan      | Gained mutation: Your body often deteriorates upon taking
                  | damage. [a shining eye]
117842 | Pan      | Gained mutation: You are frail. (-10% HP) [a shining eye]
117849 | Pan      | Lost mutation: You are agile. (Dex +2) [potion of mutation]
117849 | Pan      | Lost mutation: You often lose your temper in combat.
                  | [potion of mutation]
117849 | Pan      | Lost mutation: You are partially covered in large bone
                  | plates. (SH +4) [potion of mutation]
117849 | Pan      | Lost mutation: You occasionally shout uncontrollably at
                  | your foes. [potion of mutation]
117849 | Pan      | Lost mutation: Your magical capacity is low. (-10% MP)
                  | [potion of mutation]
117850 | Pan      | Lost mutation: You are frail. (-10% HP) [potion of
                  | mutation]
117850 | Pan      | Lost mutation: You are weak. (Str -2) [potion of mutation]
117850 | Pan      | Gained mutation: You expend magic power (3 MP) to
                  | strengthen your wands. [potion of mutation]
117876 | Pan      | Gained mutation: You sometimes lose the ability to read
                  | scrolls when taking damage. [a shining eye]
117881 | Pan      | Gained mutation: Your magical capacity is low. (-10% MP) [a
                  | shining eye]
117943 | Pan      | Gained mutation: You are clumsy. (Dex -2) [a neqoxec]
117944 | Pan      | Gained mutation: You are frail. (-10% HP) [a neqoxec]
118001 | Pan      | Gained mutation: You have hidden genetic defects. [a
                  | cacodemon]
118070 | Pan      | Found an exit through the horrors of the Abyss.
118343 | Pan      | Noticed Mnoleg
118731 | Pan      | Killed Mnoleg
118815 | Pan      | Got a glowing rune of Zot
118834 | Pan      | Identified the +10 hand axe of Charmed Forgiveness {spect,
                  | Drain rC+ Will+ Dex+2}
118932 | Pan      | Entered the realm of Gloorx Vloq.
119116 | Pan      | Found an exit through the horrors of the Abyss.
119124 | Pan      | Reached skill level 15 in Dodging
119352 | Pan      | Gained mutation: You are very frail. (-20% HP) [hidden
                  | defects]
119458 | Pan      | Reached skill level 27 in Maces & Flails
119546 | Pan      | Noticed Gloorx Vloq
119567 | Pan      | Killed Gloorx Vloq
119721 | Pan      | Got a dark rune of Zot
120014 | Pan      | Gained mutation: You are very clumsy. (Dex -4) [hidden
                  | defects]
120014 | Pan      | Lost mutation: You have hidden genetic defects. [hidden
                  | defects expressed]
120146 | Pan      | Found an exit through the horrors of the Abyss.
120165 | Pan      | Gained mutation: Your magical capacity is very low. (-20%
                  | MP) [a neqoxec]
120181 | Pan      | Noticed Diareofa the pandemonium lord
120196 | Pan      | HP: 6/159 [Diareofa the pandemonium lord (13)]
120206 | Pan      | Killed Diareofa the pandemonium lord
120883 | Pan      | Lost mutation: You tend to lose your temper in combat.
                  | [potion of mutation]
120883 | Pan      | Lost mutation: You sometimes lose the ability to read
                  | scrolls when taking damage. [potion of mutation]
120883 | Pan      | Gained mutation: Your magical capacity is extremely low.
                  | (-30% MP) [potion of mutation]
120884 | Pan      | Lost mutation: You are very frail. (-20% HP) [potion of
                  | mutation]
120884 | Pan      | Lost mutation: You expend magic power (3 MP) to strengthen
                  | your wands. [potion of mutation]
120884 | Pan      | Lost mutation: You are frail. (-10% HP) [potion of
                  | mutation]
120884 | Pan      | Lost mutation: Your skin changes colour to match your
                  | surroundings (Stealth+). [potion of mutation]
120975 | Pan      | Lost mutation: Your body often deteriorates upon taking
                  | damage. [potion of mutation]
120975 | Pan      | Lost mutation: Your body sometimes deteriorates upon taking
                  | damage. [potion of mutation]
120975 | Pan      | Lost mutation: You are very clumsy. (Dex -4) [potion of
                  | mutation]
120975 | Pan      | Gained mutation: You expend magic power (3 MP) to
                  | strengthen your wands. [potion of mutation]
120976 | Pan      | Lost mutation: You are clumsy. (Dex -2) [potion of
                  | mutation]
120976 | Pan      | Lost mutation: You expend magic power (3 MP) to strengthen
                  | your wands. [potion of mutation]
120976 | Pan      | Lost mutation: Your magical capacity is extremely low.
                  | (-30% MP) [potion of mutation]
120976 | Pan      | Gained mutation: You have a pair of small horns on your
                  | head. [potion of mutation]
120976 | Pan      | Gained mutation: Your flesh is heat resistant. (rF+)
                  | [potion of mutation]
120977 | Pan      | Lost mutation: You have a pair of small horns on your head.
                  | [potion of mutation]
120977 | Pan      | Lost mutation: Your flesh is heat resistant. (rF+) [potion
                  | of mutation]
120977 | Pan      | Lost mutation: Your magical capacity is very low. (-20% MP)
                  | [potion of mutation]
120977 | Pan      | Gained mutation: Your mind is acute. (Int +2) [potion of
                  | mutation]
121083 | Pan      | Noticed Ecoiniss the pandemonium lord
121094 | Pan      | Killed Ecoiniss the pandemonium lord
121397 | Pan      | Identified the +5 hand crossbow of Witashro {vorpal, Str+4}
121732 | Pan      | Identified the +5 falchion "Etwugah" {antimagic, *Noise rC+
                  | Dex+4 Stlth+}
122415 | Depths:2 | Escaped Pandemonium
122419 | Pan      | Entered Pandemonium
122604 | Pan      | Gained mutation: You are weak. (Str -2) [a cacodemon]
122630 | Pan      | Lost mutation: Your mind is acute. (Int +2) [potion of
                  | mutation]
122630 | Pan      | Lost mutation: You are weak. (Str -2) [potion of mutation]
122630 | Pan      | Lost mutation: Your magical capacity is low. (-10% MP)
                  | [potion of mutation]
122630 | Pan      | Gained mutation: You are somewhat resistant to further
                  | mutation. [potion of mutation]
122803 | Pan      | Identified the +1 plate armour "Ifearch Gesyz" {Rampage rC+
                  | Stlth-}
123258 | Pan      | Noticed Suwna the pandemonium lord
123273 | Pan      | Killed Suwna the pandemonium lord
123746 | Pan      | Entered the realm of Cerebov.
124210 | Pan      | Found an exit through the horrors of the Abyss.
124526 | Pan      | Found the +6 sword of Cerebov {flame}
124526 | Pan      | Noticed Cerebov
124575 | Pan      | Killed Cerebov
124714 | Pan      | Identified the ring of Qufiufui {Wiz rF++ rCorr}
124722 | Pan      | Identified the +4 shortbow of Domination {vorpal, +Blink
                  | rPois rN+ Int+2}
124768 | Pan      | Got a fiery rune of Zot
124921 | Pan      | Reached skill level 27 in Armour
124983 | Pan      | Found an exit through the horrors of the Abyss.
125151 | Pan      | Noticed Nyephyol the pandemonium lord
125393 | Pan      | Noticed Noskeips the pandemonium lord
125408 | Pan      | Killed Noskeips the pandemonium lord
125504 | Pan      | Found an exit through the horrors of the Abyss.
126167 | Pan      | Gained mutation: You occasionally shout uncontrollably at
                  | your foes. [a neqoxec]
126173 | Pan      | Noticed Worhesm the pandemonium lord
126203 | Pan      | Killed Worhesm the pandemonium lord
126892 | Pan      | Found an exit through the horrors of the Abyss.
127572 | Pan      | Identified the +8 mace "Huuzuuf" {venom, +Blink}
127603 | Pan      | Noticed Tefoadd the pandemonium lord
127608 | Pan      | Killed Tefoadd the pandemonium lord
128169 | Pan      | Found an exit through the horrors of the Abyss.
128378 | Pan      | Gained mutation: You do not regenerate when monsters are
                  | visible. [a cacodemon]
128395 | Pan      | Lost mutation: You occasionally shout uncontrollably at
                  | your foes. [potion of mutation]
128395 | Pan      | Lost mutation: You are somewhat resistant to further
                  | mutation. [potion of mutation]
128395 | Pan      | Gained mutation: You expend magic power (3 MP) to
                  | strengthen your wands. [potion of mutation]
128395 | Pan      | Gained mutation: You are agile. (Dex +2) [potion of
                  | mutation]
128396 | Pan      | Lost mutation: You are agile. (Dex +2) [potion of mutation]
128396 | Pan      | Lost mutation: You do not regenerate when monsters are
                  | visible. [potion of mutation]
128396 | Pan      | Gained mutation: You are partially covered in iridescent
                  | scales. (AC +2) [potion of mutation]
128396 | Pan      | Gained mutation: You are strong-willed. (Will+) [potion of
                  | mutation]
128682 | Pan      | Identified the +5 mace "Mepuv" {elec, *Corrode Int+4 Dex+4
                  | Stlth+}
128715 | Pan      | Noticed Tuduliry the pandemonium lord
128723 | Pan      | Killed Tuduliry the pandemonium lord
129291 | Pan      | Found an exit through the horrors of the Abyss.
129372 | Pan      | Noticed Amooly the pandemonium lord
129383 | Pan      | Killed Amooly the pandemonium lord
130347 | Pan      | Noticed Ignacio
130358 | Pan      | Killed Ignacio
130461 | Pan      | Found an exit through the horrors of the Abyss.
130488 | Pan      | Found a transporter.
130839 | Pan      | Found a transporter.
130983 | Pan      | Gained mutation: Your magical capacity is low. (-10% MP) [a
                  | neqoxec]
131102 | Pan      | Identified the ring "Weblyneh" {rF+ rN+ Str+6 Dex-2}
131131 | Pan      | Identified the amulet of Turanooj {RegenMP rCorr}
131137 | Pan      | Identified the +1 robe of Galane {Archmagi}
131204 | Pan      | Found an exit through the horrors of the Abyss.
131326 | Pan      | Noticed Nobeack the pandemonium lord
131333 | Pan      | Killed Nobeack the pandemonium lord
132053 | Pan      | Noticed Leuh the pandemonium lord
132062 | Pan      | Killed Leuh the pandemonium lord
132482 | Pan      | Identified the +1 shortbow "Ostram" {freeze, rPois Will+
                  | Int+4 Dex-2}
133529 | Pan      | Identified the +4 tower shield of Generosity {-Cast rElec
                  | rPois Regen+}
134730 | Pan      | Found a glowing silver altar of Zin.
135780 | Pan      | Found a white marble altar of Elyvilon.
136818 | Pan      | Noticed a seraph
137082 | Pan      | Identified the ring "Ynadaid" {Will+ SInv}
137121 | Pan      | Found a glowing golden altar of the Shining One.
137496 | Pan      | Killed a seraph
138052 | Pan      | Noticed Ysetaefa the pandemonium lord
138085 | Pan      | Killed Ysetaefa the pandemonium lord
138557 | Pan      | Noticed Ipteumai the pandemonium lord
138575 | Pan      | Killed Ipteumai the pandemonium lord
138678 | Pan      | Found an exit through the horrors of the Abyss.
138702 | Pan      | Took an exit into the Abyss.
138702 | Abyss:1  | Escaped into the Abyss
138702 | Abyss:1  | Found a corrupted altar of Lugonu.
138831 | Abyss:1  | Gained mutation: Your body sometimes deteriorates upon
                  | taking damage. [a neqoxec]
139051 | Abyss:1  | Gained mutation: Potions are less effective at restoring
                  | your health. [a neqoxec]
139052 | Abyss:1  | Gained mutation: Armour fits poorly on your strangely
                  | shaped body. [a neqoxec]
139515 | Abyss:3  | Gained mutation: You are frail. (-10% HP) [a neqoxec]
139730 | Abyss:3  | Gained mutation: You occasionally shout uncontrollably at
                  | your foes. [a neqoxec]
139849 | Abyss:3  | Noticed an ancient lich
139853 | Abyss:3  | Killed an ancient lich
140025 | Abyss:3  | Paralysed by accursed screaming for 1 turns
140339 | Abyss:3  | Paralysed by accursed screaming for 1 turns
140376 | Abyss:3  | Got an abyssal rune of Zot
140783 | Depths:2 | Escaped the Abyss
140787 | Pan      | Entered Pandemonium
140982 | Pan      | Lost mutation: Armour fits poorly on your strangely shaped
                  | body. [potion of mutation]
140982 | Pan      | Lost mutation: You are frail. (-10% HP) [potion of
                  | mutation]
140982 | Pan      | Gained mutation: You are highly strong-willed. (Will++)
                  | [potion of mutation]
140983 | Pan      | Lost mutation: Your magical capacity is low. (-10% MP)
                  | [potion of mutation]
140983 | Pan      | Lost mutation: Your body sometimes deteriorates upon taking
                  | damage. [potion of mutation]
140983 | Pan      | Gained mutation: You are dopey. (Int -2) [potion of
                  | mutation]
140984 | Pan      | Lost mutation: You occasionally shout uncontrollably at
                  | your foes. [potion of mutation]
140984 | Pan      | Lost mutation: You are highly strong-willed. (Will++)
                  | [potion of mutation]
140984 | Pan      | Lost mutation: You are dopey. (Int -2) [potion of mutation]
140984 | Pan      | Gained mutation: You possess an exceptional clarity of
                  | mind. [potion of mutation]
140984 | Pan      | Gained mutation: Your flesh is cold resistant. (rC+)
                  | [potion of mutation]
141281 | Pan      | Found an exit through the horrors of the Abyss.
141715 | Pan      | Noticed Serphyaha the pandemonium lord
141724 | Pan      | Killed Serphyaha the pandemonium lord
142215 | Pan      | Found an exit through the horrors of the Abyss.
142227 | Pan      | Lost mutation: You possess an exceptional clarity of mind.
                  | [a neqoxec]
142239 | Pan      | Gained mutation: You are frail. (-10% HP) [a neqoxec]
142257 | Pan      | Noticed Puuthath the pandemonium lord
142307 | Pan      | Killed Puuthath the pandemonium lord
142459 | Pan      | Found an exit through the horrors of the Abyss.
142860 | Pan      | Noticed Biocitha the pandemonium lord
142905 | Pan      | Killed Biocitha the pandemonium lord
142935 | Pan      | Identified the +1 cloak of the Vacuum {SInv}
143177 | Pan      | Found an exit through the horrors of the Abyss.
143851 | Depths:2 | Escaped Pandemonium
143857 | Pan      | Entered Pandemonium
144443 | Pan      | Noticed Miriomyo the pandemonium lord
144451 | Pan      | Killed Miriomyo the pandemonium lord
145119 | Pan      | Found an exit through the horrors of the Abyss.
145513 | Pan      | Noticed Maloy the pandemonium lord
145523 | Pan      | Killed Maloy the pandemonium lord
145872 | Pan      | Upgraded the game from 0.29-a0-371-g91724d5b39 to
                  | 0.29-a0-375-g5102b3be25
146334 | Pan      | Identified the +0 pair of gloves of Crawling {rPois rF+}
146743 | Pan      | Identified the +4 hand crossbow "Jeilof" {flame, Str+3}
146905 | Pan      | Noticed Cigezoos the pandemonium lord
146930 | Pan      | Killed Cigezoos the pandemonium lord
147160 | Pan      | Noticed Laptolog the pandemonium lord
147173 | Pan      | Killed Laptolog the pandemonium lord
147455 | Pan      | Found an exit through the horrors of the Abyss.
148465 | Pan      | Noticed Purroeng the pandemonium lord
148474 | Pan      | Killed Purroeng the pandemonium lord
149500 | Pan      | Noticed Ekaoq the pandemonium lord
149511 | Pan      | Killed Ekaoq the pandemonium lord
150265 | Pan      | Gained mutation: Potions cannot restore your health. [a
                  | neqoxec]
150313 | Pan      | Reached skill level 27 in Slings
150337 | Pan      | Lost mutation: Potions cannot restore your health. [potion
                  | of mutation]
150337 | Pan      | Lost mutation: You are partially covered in iridescent
                  | scales. (AC +2) [potion of mutation]
150337 | Pan      | Lost mutation: Potions are less effective at restoring your
                  | health. [potion of mutation]
150337 | Pan      | Gained mutation: Your flesh is heat resistant. (rF+)
                  | [potion of mutation]
150337 | Pan      | Gained mutation: You are agile. (Dex +2) [potion of
                  | mutation]
150396 | Pan      | Noticed Ucinace the pandemonium lord
150411 | Pan      | Killed Ucinace the pandemonium lord
150945 | Pan      | Found an exit through the horrors of the Abyss.
151679 | Pan      | Noticed Ovoivesa the pandemonium lord
151716 | Pan      | Killed Ovoivesa the pandemonium lord
151717 | Pan      | Reached skill level 27 in Invocations
152022 | Pan      | Found an exit through the horrors of the Abyss.
152448 | Pan      | Identified the +0 leather armour "Bipleag" {rPois rF+
                  | Will+++ Dex-3}
152906 | Pan      | Found an exit through the horrors of the Abyss.
152952 | Pan      | Noticed Laevome the pandemonium lord
152976 | Pan      | Killed Laevome the pandemonium lord
153777 | Pan      | Noticed Wyusath the pandemonium lord
153788 | Pan      | Killed Wyusath the pandemonium lord
153795 | Pan      | Gained mutation: Your body sometimes deteriorates upon
                  | taking damage. [mutagenic glow]
153799 | Pan      | Lost mutation: Your body sometimes deteriorates upon taking
                  | damage. [potion of mutation]
153799 | Pan      | Lost mutation: You expend magic power (3 MP) to strengthen
                  | your wands. [potion of mutation]
153799 | Pan      | Lost mutation: Your flesh is cold resistant. (rC+) [potion
                  | of mutation]
153799 | Pan      | Gained mutation: Your spells are a little harder to cast,
                  | but a little more powerful. [potion of mutation]
153799 | Pan      | Gained mutation: You are very frail. (-20% HP) [potion of
                  | mutation]
153799 | Pan      | Gained mutation: You passively map a small area around you.
                  | [potion of mutation]
153814 | Pan      | Gained mutation: Armour fits poorly on your strangely
                  | shaped body. [mutagenic glow]
153820 | Pan      | Lost mutation: You are very frail. (-20% HP) [potion of
                  | mutation]
153820 | Pan      | Lost mutation: You are agile. (Dex +2) [potion of mutation]
153820 | Pan      | Gained mutation: You are highly strong-willed. (Will++)
                  | [potion of mutation]
153821 | Pan      | Lost mutation: You passively map a small area around you.
                  | [potion of mutation]
153821 | Pan      | Lost mutation: Armour fits poorly on your strangely shaped
                  | body. [potion of mutation]
153821 | Pan      | Gained mutation: You have a beak for a mouth. [potion of
                  | mutation]
153822 | Pan      | Lost mutation: You have a beak for a mouth. [potion of
                  | mutation]
153822 | Pan      | Lost mutation: You are highly strong-willed. (Will++)
                  | [potion of mutation]
153822 | Pan      | Gained mutation: Your flesh is cold resistant. (rC+)
                  | [potion of mutation]
153822 | Pan      | Lost mutation: You are strong-willed. (Will+) [potion of
                  | mutation]
153822 | Pan      | Gained mutation: You have large cloven feet. [potion of
                  | mutation]
153846 | Pan      | Gained mutation: Your body sometimes deteriorates upon
                  | taking damage. [mutagenic glow]
154205 | Depths:2 | Escaped Pandemonium
154417 | Pan      | Entered Pandemonium
154508 | Pan      | Noticed Visum the pandemonium lord
154528 | Pan      | Killed Visum the pandemonium lord
154670 | Pan      | Found an exit through the horrors of the Abyss.
155175 | Pan      | Noticed Urecyghe the pandemonium lord
155189 | Pan      | Paralysed by accursed screaming for 1 turns
155195 | Pan      | Paralysed by accursed screaming for 1 turns
155198 | Pan      | Killed Urecyghe the pandemonium lord
155331 | Pan      | Gained mutation: You are very frail. (-20% HP) [a
                  | cacodemon]
155360 | Pan      | Found an exit through the horrors of the Abyss.
156350 | Pan      | Found a huge runed translucent gate.
156354 | Pan      | Found a huge runed translucent gate.
156355 | Pan      | Found a huge runed translucent gate.
156355 | Pan      | Found a huge runed translucent gate.
156355 | Pan      | Found a huge runed translucent gate.
156355 | Pan      | Found a huge runed translucent gate.
156355 | Pan      | Found a huge runed translucent gate.
156370 | Pan      | Found an exit through the horrors of the Abyss.
156860 | Pan      | Noticed Suborphu the pandemonium lord
156883 | Pan      | Killed Suborphu the pandemonium lord
157385 | Depths:2 | Escaped Pandemonium
157652 | Zig:1    | Entered Level 1 of a ziggurat
157682 | Zig:2    | Entered Level 2 of a ziggurat
157699 | Zig:2    | Identified the ring "Kuwecoh" {+Blink rPois rF+ Int+2}
157706 | Zig:3    | Entered Level 3 of a ziggurat
157853 | Zig:4    | Entered Level 4 of a ziggurat
157957 | Zig:5    | Entered Level 5 of a ziggurat
158039 | Zig:6    | Entered Level 6 of a ziggurat
158082 | Zig:6    | Found the +9 staff of Olgreb {rPois∞}
158105 | Zig:7    | Entered Level 7 of a ziggurat
158177 | Zig:7    | Lost mutation: You are very frail. (-20% HP) [potion of
                  | mutation]
158177 | Zig:7    | Lost mutation: You have large cloven feet. [potion of
                  | mutation]
158177 | Zig:7    | Gained mutation: Your spells are harder to cast, but more
                  | powerful. [potion of mutation]
158252 | Zig:7    | Identified the +9 dagger of Discretion {drain, rF- rC+++
                  | Str+2 Dex-5}
158269 | Zig:8    | Entered Level 8 of a ziggurat
158277 | Zig:8    | Noticed Tyehulou the pandemonium lord
158288 | Zig:8    | Killed Tyehulou the pandemonium lord
158304 | Zig:8    | Noticed a juggernaut
158304 | Zig:8    | a Killer Klown changed into a juggernaut
158310 | Zig:8    | Killed a juggernaut
158327 | Zig:8    | Noticed a juggernaut
158327 | Zig:8    | a Killer Klown changed into a juggernaut
158329 | Zig:8    | Killed a juggernaut
158464 | Zig:8    | Identified the +1 chain mail of Marbles {rElec rF- rC- rN+
                  | Will+}
158468 | Zig:8    | Identified the +5 hand axe of Farphiworgh {vorpal, rPois
                  | rCorr Str-5 Int+3}
158488 | Zig:9    | Entered Level 9 of a ziggurat
158552 | Zig:9    | Identified the ring "Appikk" {Ice rElec Will- Stlth+}
158577 | Zig:9    | Identified the +4 quarterstaff of Nut Isk {venom, rPois
                  | Int+4 Dex+5}
158588 | Zig:10   | Entered Level 10 of a ziggurat
158599 | Zig:10   | Noticed a royal mummy
158601 | Zig:10   | Noticed a royal mummy
158601 | Zig:10   | Noticed a royal mummy
158606 | Zig:10   | Killed a royal mummy
158611 | Zig:10   | Killed a royal mummy
158619 | Zig:10   | Killed a royal mummy
158642 | Zig:10   | Identified the +6 flail of the Sea {vorpal, rN+}
158643 | Zig:10   | Identified the ring of Xyzequc {EV+4 Dex+5}
158644 | Zig:10   | Identified the +0 plate armour "Wohaxtot" {Harm rPois rN+
                  | Regen+}
158646 | Zig:10   | Identified the +1 chain mail of Hedge Wizardry {rPois rN++
                  | Dex-2}
158727 | Zig:11   | Entered Level 11 of a ziggurat
158773 | Zig:11   | Noticed a dread lich
158790 | Zig:11   | Killed a dread lich
158865 | Zig:12   | Entered Level 12 of a ziggurat
159116 | Zig:12   | Identified the +1 robe of Floral Satisfaction {rCorr Dex+6
                  | Stlth-}
159118 | Zig:12   | Identified the +3 quarterstaff of the People {vorpal, rPois
                  | Will++ Dex+6}
159122 | Zig:12   | Identified the ring of Mysticism {Dex+3 SInv}
159130 | Zig:12   | Identified the ring "Mium" {rN+ Int+4 Stlth+}
159135 | Zig:13   | Entered Level 13 of a ziggurat
159170 | Zig:13   | Noticed Tobroaps the pandemonium lord
159199 | Zig:13   | Killed Tobroaps the pandemonium lord
159260 | Zig:14   | Entered Level 14 of a ziggurat
159334 | Zig:14   | Reached skill level 27 in Dodging
159345 | Zig:14   | Reached skill level 1 in Spellcasting
159345 | Zig:14   | Reached skill level 1 in Ice Magic
159529 | Zig:14   | Identified the +10 long sword of the Unseen Realm {venom,
                  | Fragile rElec rF+ rN+}
159533 | Zig:14   | Identified the ring of Xom's Inspiration {rF+ rN+ Will+
                  | Int+2}
159536 | Zig:14   | Lost mutation: Your flesh is cold resistant. (rC+) [potion
                  | of mutation]
159536 | Zig:14   | Lost mutation: Your body sometimes deteriorates upon taking
                  | damage. [potion of mutation]
159536 | Zig:14   | Lost mutation: Your flesh is heat resistant. (rF+) [potion
                  | of mutation]
159536 | Zig:14   | Gained mutation: Your spells are much harder to cast, but
                  | much more powerful. [potion of mutation]
159536 | Zig:14   | Gained mutation: Your mind is acute. (Int +2) [potion of
                  | mutation]
159536 | Zig:14   | Gained mutation: You are strong-willed. (Will+) [potion of
                  | mutation]
159547 | Zig:14   | Lost mutation: You are frail. (-10% HP) [potion of
                  | mutation]
159547 | Zig:14   | Lost mutation: Your spells are much harder to cast, but
                  | much more powerful. [potion of mutation]
159547 | Zig:14   | Gained mutation: Your mind is very acute. (Int +4) [potion
                  | of mutation]
159547 | Zig:14   | Lost mutation: Your spells are harder to cast, but more
                  | powerful. [potion of mutation]
159558 | Zig:14   | Learned a level 9 spell: Polar Vortex
159597 | Zig:15   | Entered Level 15 of a ziggurat
159955 | Zig:16   | Entered Level 16 of a ziggurat
160024 | Zig:16   | Reached skill level 5 in Ice Magic
160046 | Zig:16   | Reached skill level 5 in Spellcasting
160124 | Zig:16   | Found the +3 salamander hide armour {Flames rF++ rC--}
160140 | Zig:16   | Identified the +13 plate armour of Mumblety Peg {rF+ Str+3}
160152 | Zig:16   | Acquired a manual of Hexes
160155 | Zig:16   | Identified the amulet "Kiklic" {Spirit Int+6}
160161 | Zig:17   | Entered Level 17 of a ziggurat
160176 | Zig:17   | Noticed a juggernaut
160188 | Zig:17   | Killed a juggernaut
160189 | Zig:17   | Noticed a juggernaut
160197 | Zig:17   | Noticed a juggernaut
160198 | Zig:17   | Noticed a juggernaut
160204 | Zig:17   | Killed a juggernaut
160220 | Zig:17   | Killed a juggernaut
160225 | Zig:17   | Killed a juggernaut
160297 | Zig:17   | Identified the ring of Zoishyr {+Blink rElec Will+ Str+4
                  | Int+6}
160385 | Zig:17   | Identified the +5 scale mail of Light {Int+2}
160390 | Zig:17   | Identified the +1 leather armour "Luleus Rugi" {Slay+2}
160561 | Zig:18   | Entered Level 18 of a ziggurat
160652 | Zig:18   | Identified the +0 buckler of Elizo {rF+}
161025 | Pan      | Entered Pandemonium
161235 | Pan      | Found an exit through the horrors of the Abyss.
161441 | Pan      | Found a runed translucent door.
161813 | Pan      | Noticed Uhaarou the pandemonium lord
161833 | Pan      | Killed Uhaarou the pandemonium lord
161871 | Pan      | Reached skill level 10 in Ice Magic
162056 | Pan      | Noticed Letwocs the pandemonium lord
162063 | Pan      | Killed Letwocs the pandemonium lord
162176 | Pan      | Found an exit through the horrors of the Abyss.
162265 | Pan      | Noticed Mennas
162297 | Pan      | Killed Mennas
162394 | Pan      | Reached skill level 10 in Spellcasting
162686 | Pan      | Reached skill level 1 in Throwing
162698 | Pan      | Learned a level 9 spell: Chain Lightning
162707 | Pan      | Learned a level 8 spell: Disjunction
162717 | Pan      | Learned a level 9 spell: Shatter
162893 | Pan      | Gained mutation: Armour fits poorly on your strangely
                  | shaped body. [a cacodemon]
162896 | Pan      | Gained mutation: You are frail. (-10% HP) [a cacodemon]
162909 | Pan      | Gained mutation: You are occasionally teleported next to
                  | monsters. [a cacodemon]
162928 | Pan      | Lost mutation: You are strong-willed. (Will+) [potion of
                  | mutation]
162928 | Pan      | Lost mutation: Armour fits poorly on your strangely shaped
                  | body. [potion of mutation]
162928 | Pan      | Lost mutation: Your mind is very acute. (Int +4) [potion of
                  | mutation]
162928 | Pan      | Gained mutation: Your natural rate of healing is unusually
                  | fast. [potion of mutation]
162928 | Pan      | Gained mutation: Your spells are harder to cast, but more
                  | powerful. [potion of mutation]
162929 | Pan      | Lost mutation: You are frail. (-10% HP) [potion of
                  | mutation]
162929 | Pan      | Lost mutation: You are occasionally teleported next to
                  | monsters. [potion of mutation]
162929 | Pan      | Lost mutation: Your mind is acute. (Int +2) [potion of
                  | mutation]
162929 | Pan      | Gained mutation: You have a pair of small horns on your
                  | head. [potion of mutation]
162929 | Pan      | Lost mutation: Your spells are harder to cast, but more
                  | powerful. [potion of mutation]
162930 | Pan      | Lost mutation: Your spells are a little harder to cast, but
                  | a little more powerful. [potion of mutation]
162930 | Pan      | Lost mutation: Your natural rate of healing is unusually
                  | fast. [potion of mutation]
162930 | Pan      | Lost mutation: You have a pair of small horns on your head.
                  | [potion of mutation]
162930 | Pan      | Gained mutation: You are weak. (Str -2) [potion of
                  | mutation]
162930 | Pan      | Gained mutation: Your skin changes colour to match your
                  | surroundings (Stealth+). [potion of mutation]
162931 | Pan      | Lost mutation: You are weak. (Str -2) [potion of mutation]
162931 | Pan      | Lost mutation: Your skin changes colour to match your
                  | surroundings (Stealth+). [potion of mutation]
162931 | Pan      | Gained mutation: You have a pair of small horns on your
                  | head. [potion of mutation]
162931 | Pan      | Gained mutation: Your movements are slightly less
                  | encumbered by armour. (ER -2) [potion of mutation]
162932 | Pan      | Lost mutation: You have a pair of small horns on your head.
                  | [potion of mutation]
162932 | Pan      | Lost mutation: Your movements are slightly less encumbered
                  | by armour. (ER -2) [potion of mutation]
162932 | Pan      | Gained mutation: You are frail. (-10% HP) [potion of
                  | mutation]
162932 | Pan      | Gained mutation: You sometimes lose the ability to read
                  | scrolls when taking damage. [potion of mutation]
162932 | Pan      | Gained mutation: Your body sometimes deteriorates upon
                  | taking damage. [potion of mutation]
162933 | Pan      | Lost mutation: Your body sometimes deteriorates upon taking
                  | damage. [potion of mutation]
162933 | Pan      | Lost mutation: You sometimes lose the ability to read
                  | scrolls when taking damage. [potion of mutation]
162933 | Pan      | Gained mutation: You are somewhat resistant to further
                  | mutation. [potion of mutation]
163222 | Pan      | Found an exit through the horrors of the Abyss.
163286 | Pan      | Reached skill level 5 in Throwing
163333 | Pan      | Noticed Qicwa the pandemonium lord
163346 | Pan      | Killed Qicwa the pandemonium lord
163903 | Pan      | Noticed Unibraon the pandemonium lord
163922 | Pan      | Killed Unibraon the pandemonium lord
164088 | Pan      | Noticed Vujam the pandemonium lord
164100 | Pan      | Killed Vujam the pandemonium lord
164451 | Pan      | Found an exit through the horrors of the Abyss.
164869 | Pan      | Noticed Zippok the pandemonium lord
164885 | Pan      | Killed Zippok the pandemonium lord
165233 | Pan      | Reached skill level 10 in Throwing
165270 | Pan      | Noticed Loobymeh the pandemonium lord
165281 | Pan      | Killed Loobymeh the pandemonium lord
165422 | Pan      | Found an exit through the horrors of the Abyss.
166695 | Pan      | Found an exit through the horrors of the Abyss.
166917 | Pan      | The Shining One protects you from harm!
166977 | Pan      | Killed from afar by a Brimstone Fiend

Illustrated notes

Levels and vault maps discovered:
D:1:      dpeg_arrival_boxorama, layout_loops_ring,
          ebering_ecumenical_altar_hall, hangedman_decor_diamond_cutter
D:2:      layout_basic, lemuel_old_faithful, uniq_sigmund, uniq_natasha
D:3:      layout_rooms, mainiacjoe_overflow_boulevard, minmay_ruptured
D:4:      layout_rooms, minmay_temple_entry_waves, enter_ossuary_5,
          grunt_ministairs_5
D:5:      layout_layer_cave, mainiacjoe_overflow_catwalk, uniq_menkaure,
          uniq_eustachio
D:6:      layout_cave_pools, elyvilon_altar_3
D:7:      minmay_polygon_palace, layout_loops_ring, grunt_ministairs_5
D:8:      layout_basic, dpeg_lair_monsters, enter_bailey_2, serial_shops, shop,
          minmay_misc_feat_tower
D:9:      layout_stronghold, minitemple, uniq_harold, uniq_joseph
D:10:     layout_rooms, chequers_temple_overflow_statue_of_worship,
          grunt_ogre_cave
D:11:     layout_cross, minmay_misc_feat_iff, minmay_diced_spiral,
          uniq_josephine, uniq_urug
D:12:     layout_stronghold, minmay_orc_entry_guard_dogs,
          portal_ice_cave_entry_ice_simulacra, uniq_lodul, uniq_psyche,
          uniq_snorg
D:13:     layout_gridville, minmay_holes
D:14:     layout_roguey, erik_vaults_2, nicolae_gozag_seed_capital,
          gauntlet_entry_generic, minmay_hollow_rounded_squares
D:15:     gammafunk_enter_depths_forms, layout_small_grid,
          minmay_misc_feat_five, serial_shops, shop
Temple:   nicolae_temple_great_sept
Lair:1:   layout_long_grid, nicolae_quartered_pool_impasse,
          infiniplex_staircase_pool_2, grunt_megastairs_2
Lair:2:   layout_hall_layers, grunt_megastairs_3
Lair:3:   layout_hall_layers, serial_bayou_lagoon_a, uniq_gastronok
Lair:4:   beast_lair_carwin_large_3, layout_cave_shapes,
          minmay_shoals_entry_centaurs, chequers_serial_rivers_marsh,
          serial_bayou_pond_c
Lair:5:   layout_cellular_growth, slime_altar_1, serial_bayou_pond_e
Lair:6:   gammafunk_lair_ancient_temple, layout_regular_city, enter_volcano_2,
          nicolae_lair_lil_pond, amcnicky_altar_lugonu_corruption
Shoals:1: layout_shoals
Shoals:2: nicolae_shoals_mermall, layout_shoals
Shoals:3: layout_shoals, abandoned_shop, nicolae_shop_gadgets
Shoals:4: shoals_end_hangedman, layout_shoals, nicolae_shoals_water_booths
Snake:1:  kennysheep_snake, layout_onion, st_stairs_8,
          hangedman_snake_corridor_split, minmay_shoptagon
Snake:2:  layout_concentric_octagons, serial_bayou_shore_a, uniq_roxanne
Snake:3:  layout_cave_town, nicolae_snake_linked_coils,
          beargit_elvish_explorers, uniq_kirke, uniq_vashnia
Snake:4:  hellmonk_snake_rune_quicksilver_temple, layout_misc_corridors,
          nicolae_snake_magic_snake_eye, uniq_aizul, uniq_agnes
Slime:1:  layout_caves
Slime:2:  layout_caves
Slime:3:  layout_caves, nicolae_slime_barrier
Slime:4:  layout_caves
Slime:5
Orc:1:    layout_diamond_mine, serial_shops, shop
Orc:2:    st_orc_town, layout_diamond_mine
Elf:1:    nicolae_elf_arrival_no_cutting_in_line, layout_loops_cross,
          serial_shops, shop, hangedman_elf_represent, uniq_nikola
Elf:2:    elven_hall_of_blades_hangedman_alternative
          [nicolae_blade_entry_diamond_columns], layout_geoelf_diagonals,
          serial_shops, nicolae_shop_advertising_works
          [nicolae_subvault_shop_adworks], nicolae_shop_bloodbath_and_beyond,
          shop, nicolae_shop_overgrown_old_shop, shop_statue
Elf:3:    minmay_elf_hall_statues, layout_geoelf_diagonals
Vaults:1: v_pattern_3, gammafunk_the_bubble [the_bubble_gammafunk_grid],
          dpeg_vaults_monster_box, layout_vaults_omnigrid
Vaults:2: mu_enter_wizlab_6, nicolae_vaults_yaktaur_gun_rack,
          ontoclasm_vaults_ring_square, grunt_vaults_diagonal,
          vaults_mumra_chevron, hangedman_vaults_slice, grunt_vaults_funnel,
          nicolae_vaults_little_squares_5, nicolae_vaults_network_star,
          vaults_mumra_minichess, layout_vaults_omnicross, serial_shops,
          bzr_entry_safe, shop
Vaults:3: gammafunk_ghost_tricky_traps, minmay_crypt_entry_skeletal_spiral,
          nicolae_vaults_angled_halls, v_misc_29, v_misc_5,
          nicolae_vaults_hallways_thing, ontoclasm_vaults_spin, v_pattern_2,
          gammafunk_its_a_trap, v_misc_28, layout_vaults_maze
Vaults:4: v_pattern_5, vaults_dpeg_hooks, nicolae_vaults_big_ls,
          nicolae_vaults_circle_grid_a, vaults_mumra_hexcomb,
          nicolae_vaults_little_squares_1, hangedman_vaults_nails, v_misc_30,
          vaults_standard_mumra_lines, st_check, ontoclasm_vaults_pinch,
          nicolae_vaults_little_squares_4, layout_vaults_ring,
          nicolae_trove_entry_isolated
Vaults:5: serial_shops
Crypt:1:  layout_chaotic_city, grunt_crypt_arrival_split, grunt_megastairs_1,
          uniq_jory, uniq_margery, uniq_frederick
Crypt:2:  layout_basic, grunt_ministairs_8, grunt_megastairs_4
Crypt:3:  quadcrypt_mu
Tomb:1
Depths:1: layout_roguey, grunt_metal_band, dispersion_dpeg,
          kennysheep_random_hallway
Depths:2: minmay_bloctagon, layout_cave_pools, enter_ziggurat_c, hell_entry,
          pan_entry, serial_hangedman_research, hangedman_research_quantum,
          hangedman_research_pyrotechnics, hangedman_research_thanatology,
          hangedman_research_probablistics, hangedman_research_electronics,
          hangedman_research_geology, uniq_josephina
Depths:3: dpeg_oklob_gauntlet, layout_gridlike, hell_entry,
          minmay_room_of_horrors, cheibrodos_ashenzari_chains
Depths:4: grunt_twist_and_shout, layout_twisted_cross, serial_shops,
          nicolae_shop_stone, nemelex_spade_bored_becter, hell_entry
Hell
Zot:1:    layout_misc_corridors
Zot:2:    hangedman_snap_crack_crunch, layout_onion
Zot:3:    lemuel_halls_of_wrath, layout_concentric_octagons
Zot:4:    layout_misc_corridors, hangedman_zot_decor_scrapings,
          bh_zot_lava_cross, hangedman_hellfire_club
Zot:5:    layout_basic, lemuel_golem_globe
Pan:      grunt_pan_spiral, layout_grid_shapes, regret_index_pan_draining_boxed,
          layout_rooms, pan_blood_fountain_2, lom_lobon, layout_gridlike,
          rand_demon_3, layout_long_grid, evilmike_mnoleg_eyes,
          layout_cellular_growth, gloorx_vloq_grunt_torture_chamber,
          layout_onion_city, nicolae_pan_lom_lobonic_2, nicolae_pan_sigil_obb,
          nicolae_pan_sick_transit, grunt_pan_spiral, layout_gridlike,
          pan_blood_fountain_small, pan_blood_fountain,
          evilmike_mini_pan_possible_glass, layout_long_grid,
          evilmike_mini_pan_V, layout_basic, evilmike_mini_pan_pillars,
          layout_basic, grunt_pan_zigzag, layout_chambers,
          grunt_pan_frozen_over, layout_grid_shapes, pan_blood_fountain_small,
          cerebov_grunt, layout_pan_divisions_b [pan_division_quadrant_b4,
          pan_division_quadrant_b6, pan_division_quadrant_b2,
          pan_division_quadrant_b3], lemuel_hellion_island, layout_gridlike,
          pan_blood_fountain, reaverb_pan_squares, reaverb_pan_chaos_star,
          pan_disco_hall, layout_gridlike, pan_blood_fountain_small,
          nicolae_pan_gloorx_vloqian_3, evilmike_mini_pan_corner,
          layout_pan_divisions_a [pan_division_quadrant_a3,
          pan_division_quadrant_a4, pan_division_quadrant_a2,
          pan_division_quadrant_a2, pan_division_octagon_empty], rand_demon_8,
          layout_stronghold, pan_blood_fountain, nicolae_pan_gloorx_vloqian_3,
          nicolae_pan_sigil_uleosi, lemuel_hall_of_pain, layout_long_grid,
          nicolae_pan_gloorx_vloqian_2, grunt_pan_pentagram,
          layout_irregular_city, pan_blood_fountain, nicolae_pan_lom_lobonic_2,
          pan_captured_pigsty, rand_demon_1, layout_basic,
          pan_blood_fountain_small, nicolae_pan_mnolegish_4,
          gammafunk_dig_for_victory, layout_small_grid, uniq_ignacio,
          pan_blood_fountain_small, grunt_pan_pentagram, layout_long_grid,
          rand_demon_1, layout_pan_divisions_a [pan_division_quadrant_a3,
          pan_division_quadrant_a4, pan_division_quadrant_a5,
          pan_division_quadrant_a6, pan_division_octagon_empty],
          pan_blood_fountain, evilmike_holy_pan, nicolae_pan_diamonds,
          layout_grid_shapes, evilmike_mini_pan_other_thingy, layout_rooms,
          pan_blood_fountain, rand_demon_4, layout_stronghold,
          nicolae_pan_mnolegish_3, evilmike_mini_pan_pillars,
          layout_grid_shapes, pan_blood_fountain, nicolae_pan_mnolegish_5,
          rand_demon_3, layout_pan_divisions_b [pan_division_quadrant_b5,
          pan_division_quadrant_b1, pan_division_quadrant_b6,
          pan_division_quadrant_b4], evilmike_mini_pan_pillars,
          layout_irregular_city, pan_blood_fountain_small,
          evilmike_mini_pan_diamond, layout_pan_divisions_b
          [pan_division_quadrant_b3, pan_division_quadrant_b2,
          pan_division_quadrant_b4, pan_division_quadrant_b1],
          pan_blood_fountain_small, nicolae_pan_mnolegish_4,
          evilmike_mini_pan_pillars_b, layout_onion_city,
          evilmike_mini_pan_corner, layout_irregular_city,
          evilmike_mini_pan_other_thingy, layout_pan_divisions_b
          [pan_division_quadrant_b5, pan_division_quadrant_b6,
          pan_division_quadrant_b6, pan_division_quadrant_b3], rand_demon_8,
          layout_chambers, rand_demon_1, layout_chambers,
          nicolae_pan_sigil_eeng, evilmike_mini_pan_V, layout_irregular_city,
          pan_blood_fountain_small, rand_demon_2, layout_chambers,
          evilmike_mini_pan_doors, layout_basic, pan_blood_fountain_small,
          nicolae_pan_mnolegish_2, grunt_pan_sceptre, layout_pan_divisions_a
          [pan_division_quadrant_a2, pan_division_quadrant_a1,
          pan_division_quadrant_a2, pan_division_quadrant_a4,
          pan_division_octagon_empty], nicolae_pan_mnolegish_4,
          grunt_pan_sceptre, layout_cellular_growth, grunt_pan_sceptre,
          layout_basic, evilmike_mini_pan_corner, layout_basic, rand_demon_1,
          layout_rooms, evilmike_mini_pan_layers, layout_grid_shapes,
          nicolae_pan_giant_door, layout_irregular_city, grunt_pan_zigzag,
          layout_pan_divisions_a [pan_division_quadrant_a2,
          pan_division_quadrant_a6, pan_division_quadrant_a2,
          pan_division_quadrant_a6, pan_division_octagon_halves],
          pan_blood_fountain, rand_demon_9, layout_gridlike,
          nicolae_pan_double_arrow, layout_pan_divisions_a
          [pan_division_quadrant_a4, pan_division_quadrant_a4,
          pan_division_quadrant_a6, pan_division_quadrant_a4,
          pan_division_octagon_box], uniq_mennas_pan, evilmike_mini_pan_pillars,
          layout_rooms, grunt_pan_spiral, layout_pan_divisions_a
          [pan_division_quadrant_a5, pan_division_quadrant_a6,
          pan_division_quadrant_a4, pan_division_quadrant_a4,
          pan_division_octagon_halves], grunt_pan_in_and_out, layout_gridville,
          pan_blood_fountain_2, pan_blood_fountain, rand_demon_6,
          layout_long_grid, pan_blood_fountain, rand_demon_3, layout_small_grid,
          pan_blood_fountain, grunt_pan_sceptre, layout_irregular_city,
          rand_demon_6, layout_stronghold, pan_blood_fountain_small,
          evilmike_mini_pan_pillars, layout_gridlike

Skill      XL: |  1  2  3  4  5  6  7  8  9 10 11 12 13 14 15 16 17 18 19 20 21 22 23 24 25 26 27 |
---------------+----------------------------------------------------------------------------------+-----
Invocations    | 1 2 3 4 5 6 7 8 9 10 11 12 13 14 15 16 27 | 27.0
Maces & Flails | 3 4 5 6 8 10 11 13 14 16 17 18 19 20 21 22 27 | 27.0
Dodging        | 1 2 3 4 5 6 7 8 9 10 11 12 13 27 | 27.0
Armour         | 4 5 6 8 9 11 13 14 15 16 17 18 19 20 21 27 | 27.0
Shields        | 4 5 6 7 8 9 10 11 13 14 16 17 19 20 21 22 23 25 27 | 27.0
Fighting       | 4 5 6 7 8 9 10 11 12 14 15 16 17 18 19 20 21 27 | 27.0
Slings         | 1 3 4 5 6 7 8 9 10 11 12 27 | 27.0
Spellcasting   | 12 | 12.8
Ice Magic      | 14 | 14.0
Throwing       | 11 | 11.5

Action                   |  1- 3 |  4- 6 |  7- 9 | 10-12 | 13-15 | 16-18 | 19-21 | 22-24 | 25-27 || total
-------------------------+-------+-------+-------+-------+-------+-------+-------+-------+-------++-------
Melee: Flail             |   180 |   209 |   371 |   630 |       |       |  1182 |  1450 |       ||  4022
       Morningstar       |       |       |       |    94 |  1484 |  1800 |  1302 |       |       ||  4680
       Eveningstar       |       |       |       |       |       |       |       |   987 | 11002 || 11989
       War axe           |       |       |       |       |       |       |       |       |   101 ||   101
       Sacred scourge    |       |       |       |       |       |       |       |       |  2022 ||  2022
 Fire: Fustibalus        |       |       |       |       |       |       |       |       |    37 ||    37
Invok: Brand Weapon With |       |       |       |       |       |       |       |     1 |       ||     1
       Cleansing Flame   |       |       |       |       |       |       |       |       |    10 ||    10
       Summon Divine War |       |       |       |       |       |       |       |       |     3 ||     3
Evoke: Piece from Xom's  |       |       |       |       |       |     5 |       |       |       ||     5
       Wand              |       |       |       |       |       |       |       |     4 |    26 ||    30
  Use: Scroll            |     5 |     9 |     4 |     5 |    17 |    14 |     3 |    10 |    69 ||   136
       Potion            |       |       |     1 |     1 |    21 |     3 |     1 |     4 |    78 ||   109
Armor: Scale mail        |   177 |   126 |    34 |       |       |       |       |       |       ||   337
       Plate armour      |       |       |   342 |   189 |       |       |       |       |       ||   531
       Chain mail        |       |       |       |    65 |       |       |       |       |       ||    65
       Crystal plate arm |       |       |       |   236 |  1045 |  1115 |  1342 |   600 |  4045 ||  8383
Dodge: Dodged            |   140 |    93 |   146 |   214 |   401 |   366 |   537 |   451 |  4679 ||  7027
Block: Buckler           |    63 |    70 |   142 |   184 |   443 |   208 |       |       |       ||  1110
       Tower shield      |       |       |       |       |       |   996 |  2550 |  2137 | 16482 || 22165
       Reflection        |       |       |       |       |       |       |       |       |   285 ||   285

Table legend: (Time is in decaauts)
 A = Elapsed time spent in this place.
 B = Non-inter-level travel time spent in this place.
 C = Inter-level travel time spent in this place.
 D = Time resting spent in this place.
 E = Time spent auto-exploring this place.
 F = Levels seen in this place.
 G = Mean time per level.
                   A        B        C        D        E       F      G
               +--------+--------+--------+--------+--------+-----+--------+
         Total | 161791 | 151419 |  10372 |  36862 |  63983 | 147 | 1100.6 |
       Dungeon |  21616 |  18480 |   3136 |   2330 |  11666 |  15 | 1441.1 |
        Temple |     86 |     73 |     13 |      0 |     63 |   1 |   86.0 |
          Lair |   8734 |   7754 |    980 |    810 |   5187 |   6 | 1455.7 |
        Shoals |   8108 |   7915 |    193 |   3186 |   2518 |   4 | 2027.0 |
     Snake Pit |  12344 |  11850 |    494 |   5014 |   2850 |   4 | 3086.0 |
    Slime Pits |   4372 |   4214 |    158 |   1175 |   1789 |   5 |  874.4 |
  Orcish Mines |   4472 |   3972 |    500 |   1691 |   1291 |   2 | 2236.0 |
   Elven Halls |   5781 |   5502 |    279 |   1388 |   1965 |   3 | 1927.0 |
        Vaults |  14648 |  12052 |   2596 |   3358 |   4610 |   5 | 2929.6 |
         Crypt |   4734 |   3944 |    790 |    117 |   2297 |   3 | 1578.0 |
          Tomb |   1487 |   1393 |     94 |    540 |    220 |   1 | 1487.0 |
        Depths |   8777 |   8208 |    569 |   3691 |   1823 |   4 | 2194.2 |
          Hell |    952 |    929 |     23 |    145 |    485 |   1 |  952.0 |
           Zot |   9147 |   8606 |    541 |   3641 |   2153 |   5 | 1829.4 |
         Abyss |   2157 |   2157 |      0 |    259 |    687 |   5 |  431.4 |
   Pandemonium |  45776 |  45776 |      0 |   6327 |  23546 |  57 |  803.1 |
      Ziggurat |   2619 |   2619 |      0 |    975 |      0 |  18 |  145.5 |
        Bazaar |     11 |     11 |      0 |      0 |      0 |   1 |   11.0 |
         Trove |     35 |     35 |      0 |      0 |      0 |   1 |   35.0 |
       Ossuary |    720 |    720 |      0 |    294 |    221 |   1 |  720.0 |
        Bailey |    963 |    963 |      0 |      9 |    253 |   1 |  963.0 |
      Ice Cave |   1141 |   1141 |      0 |    633 |     91 |   1 | 1141.0 |
       Volcano |   1100 |   1100 |      0 |    525 |     20 |   1 | 1100.0 |
        Wizlab |   1558 |   1558 |      0 |    752 |     59 |   1 | 1558.0 |
      Gauntlet |    441 |    441 |      0 |      0 |    189 |   1 |  441.0 |
               +--------+--------+--------+--------+--------+-----+--------+

Top non-repeatable levels by time:
Vaults:4: 4190 daAuts
 Snake:3: 4177 daAuts
   Zot:3: 3530 daAuts
Shoals:3: 3516 daAuts
 Snake:4: 3255 daAuts
Vaults:1: 3188 daAuts
Vaults:3: 2854 daAuts
 Snake:1: 2851 daAuts
Depths:1: 2694 daAuts
Vaults:2: 2551 daAuts
    D:15: 2450 daAuts
   Zot:1: 2347 daAuts
   Orc:2: 2332 daAuts
    D:12: 2300 daAuts
   Elf:2: 2196 daAuts
